 Dungeon Crawl Stone Soup version 0.31-a0-846-gb3bcc0d (webtiles) character file.

Game seed: 6560793854811811651

10127633 steven32 the Skullcrusher (level 27, 273/273 HPs)
             Began as a Hill Orc Conjurer on Oct 3, 2023.
             Was the Champion of the Shining One.
             Escaped with the Orb
             ... and 15 runes!
             The game lasted 05:00:33 (164663 turns).

steven32 the Skullcrusher (Hill Orc Conjurer)     Turns: 164663, Time: 05:00:33

Health: 273/273    AC: 56    Str: 39    XL:     27
Magic:  37/45      EV: 11    Int: 30    God:    the Shining One [******]
Gold:   10493      SH:  5    Dex: 15    Spells: 13/62 levels left

rFire   + + .        b - +10 dark maul {heavy}
rCold   + . .        (shield currently unavailable)
rNeg    + + +        S - +12 gold dragon scales
rPois   +            Q - +4 helmet of the Rhinotaur {rElec rF+ Str+4}
rElec   +            x - +1 cloak of Ethics {rF- Str+8 Int+3}
rCorr   +            i - +2 pair of gloves
SInv    .            U - +2 pair of boots {rampage}
Will    ++...        q - amulet "Jymekh" {Reflect Fragile rN+ rCorr Dex+2 SH+5} Stlth
                     j - ring "Ahehotas" {rPois AC+4 Str+8}
HPRegen 0.65/turn    T - ring "Myoxiaz" {rF+ Str+6}
MPRegen 0.29/turn

%: reflection, rampage
@: glowing, studying 4 skills
A: agile 1
0: Orb of Zot
}: 15/15 runes: serpentine, barnacled, slimy, silver, golden, iron, obsidian,
icy, bone, abyssal, demonic, glowing, magical, fiery, dark
a: Renounce Religion, Divine Shield, Cleansing Flame, Summon Divine Warrior,
Brand Weapon With Holy Wrath


You escaped.
You worshipped the Shining One.
The Shining One was exalted by your worship.
You visited 18 branches of the dungeon, and saw 88 of its levels.
You visited Pandemonium 3 times, and saw 15 of its levels.
You visited the Abyss 5 times.
You visited 1 bazaar.
You also visited: Ossuary, Ice Cave and Volcano.

You collected 18724 gold pieces.
You spent 8231 gold pieces at shops.

Inventory:

Hand Weapons
 b - the +10 dark maul (weapon) {heavy}
   (You found it on level 1 of the Crypt)
Missiles
 c - 4 throwing nets
 t - 6 silver javelins
 M - 61 boomerangs (quivered)
 R - 14 curare-tipped darts
 X - 17 javelins
Armour
 i - a +2 pair of gloves (worn)
 x - the +1 cloak of Ethics (worn) {rF- Str+8 Int+3}
   (You bought it in a shop on level 3 of the Elven Halls)

   Str+8:     It affects your strength (+8).
   Int+3:     It affects your intelligence (+3).
   rF-:       It makes you vulnerable to fire.
 Q - the +4 helmet of the Rhinotaur (worn) {rElec rF+ Str+4}
   (You acquired it on level 2 of the Crypt)

   Str+4:     It affects your strength (+4).
   rF+:       It protects you from fire.
   rElec:     It insulates you from electricity.
 S - +12 gold dragon scales (worn)
 U - a +2 pair of boots of rampaging (worn)
Magical Staves
 a - the staff of Excruciating Pain {rF+ rC+ Will+++ Str-2 Int+2 Ice}
   (You found it on level 2 of the Shoals)

   [staff of cold]

   Base accuracy: +5 Base damage: 5 Base attack delay: 1.2 This weapon's minimum
   attack delay (0.6) is reached at skill level 12.
   Str-2:     It affects your strength (-2).
   Int+2:     It affects your intelligence (+2).
   rF+:       It protects you from fire.
   rC+:       It protects you from cold.
   Will+++:   It greatly increases your willpower.
   Ice:       It increases the power of your Ice spells.
   It falls into the 'Staves' category.
   It is a one-handed weapon.
Jewellery
 e - the ring of Fuhoat {rF++ rC+ MP+9 Str-2}
   (You found it on level 3 of the Tomb of the Ancients)

   [ring of magical power]

   Str-2:     It affects your strength (-2).
   rF++:      It greatly protects you from fire.
   rC+:       It protects you from cold.
   MP+9:      It affects your magic capacity (+9).
 j - the ring "Ahehotas" (left hand) {rPois AC+4 Str+8}
   (You took it off a merfolk impaler on level 4 of the Shoals)

   [ring of protection]

   AC+4:      It affects your AC (+4).
   Str+8:     It affects your strength (+8).
   rPois:     It protects you from poison
 q - the amulet "Jymekh" (around neck) {Reflect Fragile rN+ rCorr Dex+2 SH+5}
   (You found it on level 4 of the Realm of Zot)

   [amulet of reflection]

   Reflect:   It reflects blocked missile attacks.
   Dex+2:     It affects your dexterity (+2).
   rN+:       It protects you from negative energy.
   rCorr:     It protects you from acid and corrosion.
   Fragile:   It will be destroyed if unequipped.
   SH+5:      It affects your SH (+5).
 y - a ring of flight
 T - the ring "Myoxiaz" (right hand) {rF+ Str+6}
   (You found it on level 5 of the Pits of Slime)

   [ring of strength]

   Str+6:     It affects your strength (+6).
   rF+:       It protects you from fire.
 V - a ring of willpower
Wands
 f - a wand of light (43)
 n - a wand of digging (16)
 u - a wand of paralysis (87)
 D - a wand of iceblast (64)
 H - a wand of mindburst (45)
Scrolls
 l - 7 scrolls of fear
 m - 16 scrolls of teleportation
 o - 11 scrolls of vulnerability
 p - 5 scrolls of silence
 w - 14 scrolls of poison
 F - 9 scrolls of fog
 K - 3 scrolls of blinking
 O - 4 scrolls of butterflies
 Z - 4 scrolls of immolation
Potions
 d - 14 potions of attraction
 h - 2 potions of resistance
 k - a potion of cancellation
 r - 3 potions of heal wounds
 s - 21 potions of curing
 v - a potion of haste
 z - 5 potions of brilliance
 B - 10 potions of enlightenment
 C - 2 potions of magic
 G - 14 potions of might
 I - 2 potions of ambrosia
 N - 9 potions of lignification
 P - 4 potions of mutation
 W - 3 potions of berserk rage
Miscellaneous
 g - a tin of tremorstones (2/2)
 A - a figurine of a ziggurat
 E - a lightning rod (4/4)
 J - a phial of floods
 L - a box of beasts
 Y - a phantom mirror


   Skills:
 O Level 27 Fighting
 O Level 27 Maces & Flails
 O Level 27 Throwing
 + Level 21.4 Armour
 - Level 6.1 Dodging
 - Level 1.5 Stealth
 - Level 18.0 Spellcasting
 - Level 18.7 Conjurations
 - Level 6.0 Hexes
 - Level 16.0 Translocations
 - Level 6.8 Transmutations
 - Level 15.4 Fire Magic
 - Level 11.0 Ice Magic
 - Level 3.6 Air Magic
 - Level 7.2 Poison Magic
 O Level 27 Invocations
 - Level 12.0 Evocations


You had 13 spell levels left.
You knew the following spells:

 Your Spells              Type           Power      Damage    Failure   Level
a - Apportation           Tloc           100%       N/A       0%          1
b - Blink                 Tloc           100%       N/A       1%          2
d - Dispersal             Tloc           44%        N/A       1%          6
f - Fireball              Conj/Fire      46%        3d18      1%          5
g - Stone Arrow           Conj/Erth      100%       3d13      1%          3
i - Irradiate             Conj/Tmut      40%        3d25      1%          5
k - Starburst             Conj/Fire      46%        6d13      1%          6
m - Iskenderun's Mystic   Conj/Tloc      92%        2d18      1%          4
o - Orb of Destruction    Conj           48%        9d13      3%          7
p - Passage of Golubria   Tloc           89%        N/A       1%          4
v - Poisonous Vapours     Pois/Air       100%       N/A       1%          2
z - Manifold Assault      Tloc           89%        N/A       1%          4

Your spell library contained the following spells:

 Spells                   Type           Power      Damage    Failure   Level
 Foxfire                  Conj/Fire      100%       2x1d9     0%          1
 Magic Dart               Conj           100%       1d8       0%          1
 Momentum Strike          Conj/Tloc      100%       3d10      0%          2
 Searing Ray              Conj           100%       2d8       0%          2
 Freeze                   Ice            100%       1d10      1%          1
 Kiss of Death            Conj/Necr      100%       2d13      1%          1
 Sting                    Tmut/Pois      100%       1d8       1%          1
 Ensorcelled Hibernation  Hex/Ice        100%       N/A       1%          2
 Jinxbite                 Hex            100%       N/A       1%          2
 Lesser Beckoning         Tloc           100%       N/A       1%          2
 Wereblood                Tmut           61%        N/A       1%          2
 Dazzling Flash           Conj/Hex       100%       N/A       1%          3
 Frozen Ramparts          Ice            100%       1d16      1%          3
 Gell's Gravitas          Tloc           89%        N/A       1%          3
 Hailstorm                Conj/Ice       86%        3d17      1%          3
 Ignite Poison            Fire/Tmut/Pois 72%        N/A       1%          3
 Inner Flame              Hex/Fire       74%        N/A       1%          3
 Mephitic Cloud           Conj/Pois/Air  72%        N/A       1%          3
 Ozocubu's Armour         Ice            75%        N/A       1%          3
 Teleport Other           Tloc           89%        N/A       1%          3
 Volatile Blastmotes      Fire/Tloc      100%       2d18      1%          3
 Brom's Barrelling Bould  Conj/Erth      70%        2d8       1%          4
 Dimensional Bullseye     Hex/Tloc       37%        N/A       1%          4
 Flame Wave               Conj/Fire      92%        2d19      1%          4
 Fulminant Prism          Conj/Hex       39%        3d17      1%          4
 Sticky Flame             Conj/Fire      92%        2d10      1%          4
 Vhi's Electric Charge    Tloc/Air       100%       N/A       1%          4
 Iskenderun's Battlesphe  Conj           96%        2d14      1%          5
 Confusing Touch          Hex            58%        N/A       2%          3
 Tukima's Dance           Hex            58%        N/A       2%          3
 Arcjolt                  Conj/Air       38%        1d48      2%          5
 Freezing Cloud           Conj/Ice/Air   38%        6-21      2%          5
 Cigotuvi's Dreadful Rot  Necr/Pois/Air  96%        N/A       3%          2
 Olgreb's Toxic Radiance  Pois           63%        N/A       4%          4
 Cause Fear               Hex            29%        N/A       7%          4
 Metabolic Englaciation   Hex/Ice        33%        N/A       7%          5
 Summon Guardian Golem    Hex/Summ       45%        N/A       8%          3
 Necrotise                Necr           100%       1d9       9%          1
 Sandblast                Erth           54%        2d13      9%          1
 Summon Small Mammal      Summ           100%       N/A       9%          1
 Call Imp                 Summ           54%        N/A       13%         2
 Sublimation of Blood     Necr           27%        N/A       13%         2
 Alistair's Intoxication  Tmut/Pois      41%        N/A       13%         5
 Conjure Ball Lightning   Conj/Air       38%        3x3d12    13%         6
 Yara's Violent Unravell  Hex/Tmut       30%        3d13      17%         5
 Anguish                  Hex/Necr       22%        N/A       24%         4
 Leda's Liquefaction      Hex/Erth       22%        N/A       24%         4
 Call Canine Familiar     Summ           27%        N/A       26%         3
 Plasma Beam              Fire/Air       35%        2x1d49    26%         6
 Bombard                  Conj/Erth      35%        9d6       28%         6
 Silence                  Hex/Air        27%        N/A       32%         5
 Summon Lightning Spire   Summ/Air       37%        N/A       38%         4
 Ozocubu's Refrigeration  Ice            37%        4d15      61%         7
 Disjunction              Tloc           44%        N/A       61%         8
 Animate Armour           Summ/Erth      54%        N/A       63%         4
 Animate Dead             Necr           27%        N/A       63%         4
 Dispel Undead            Necr           27%        3d13      63%         4
 Ignition                 Fire           44%        3d13      69%         8
 Simulacrum               Ice/Necr       28%        N/A       80%         6
 Agony                    Necr           27%        N/A       93%         5
 Borgnjor's Vile Clutch   Necr/Erth      13%        N/A       93%         5
 Lee's Rapid Deconstruct  Erth           13%        3d9*      93%         5
 Malign Gateway           Summ/Tloc      33%        N/A       95%         7
 Enfeeble                 Hex            29%        N/A       99%         7
 Death Channel            Necr           13%        N/A       100%        6
 Haunt                    Necr/Summ      13%        N/A       100%        7
 Summon Hydra             Summ           13%        N/A       100%        7
 Discord                  Hex            29%        N/A       100%        8
 Infestation              Necr           13%        N/A       100%        8
 Lehudib's Crystal Spear  Conj/Erth      35%        10d9      100%        8
 Maxwell's Capacitive Co  Air            24%        ∞         100%        8
 Summon Horrible Things   Summ           13%        N/A       100%        8
 Chain Lightning          Conj/Air       38%        3d50      100%        9
 Fire Storm               Conj/Fire      46%        8d12      100%        9
 Polar Vortex             Ice            37%        12d5*     100%        9
 Shatter                  Erth           13%        3d14*     100%        9


Dungeon Overview and Level Annotations

Branches:
Dungeon (15/15)            Temple (1/1) D:6            Lair (5/5) D:10
 Shoals (4/4) Lair:3        Snake (4/4) Lair:2        Slime (5/5) Lair:5
    Orc (2/2) D:10            Elf (3/3) Orc:2        Vaults (5/5) D:13
  Crypt (3/3) Vaults:3       Tomb (3/3) Crypt:3      Depths (4/4) D:15
   Hell (visited)             Dis (7/7) Hell            Geh (7/7) Hell
    Coc (7/7) Hell            Tar (7/7) Hell            Zot (5/5) Depths:4
Ossuary (visited)           IceCv (visited)         Volcano (visited)

Altars:
Ashenzari
Cheibriados
Dithmenos
Elyvilon
Fedhas
Gozag
Hepliaklqana
Kikubaaqudgha
Makhleb
Nemelex Xobeh
Okawaru
Qazlal
Ru
Sif Muna
Trog
Uskayaw
Vehumet
Wu Jian
Xom
Yredelemnul
Zin
The Shining One
Beogh
Jiyva

Shops:
D:8 :   D:13 *=   Orc:2 **!(   Elf:1 :[(((   Elf:3 [[*?(   Shoals:3 =
Depths:1 ?

Portals:
Hell: Depths:1 Depths:2 Depths:3 Depths:4
Abyss: Depths:1 Depths:2 Depths:3 Depths:4
Pandemonium: Depths:2
Ziggurat: Depths:4

Annotations:
Elf:2 3 runed translucent doors
Depths:2 1 transporter


Innate Abilities, Weirdness & Mutations

You are agile. (Dex +4, Str/Int -1)


Message History

a +0 hand axe; a +0 hand axe You see here a +0 trident.
Things that are here:
a +0 chain mail; a +2 heavy great mace
There is a staircase back to the Vaults, spattered with blood here.
You climb upwards.
Welcome back to the Vaults!
There is a staircase to the Crypt here.
There is an open door here.
There is an open door here.
Things that are here:
a +0 chain mail; a +0 great mace
There is an open door here.
There is a stone staircase leading up here.
You climb upwards.
There is a stone staircase leading down here.
There is an open door, spattered with blood here.
There is an open door here.
There is an open door here.
There is a large open door here.
There is a large open door here.
You see here a +2 spear of flaming.
There is an open door here.
There is a stone staircase leading up here.
You climb upwards.
There is a stone staircase leading down here.
Items here: ))) [[[.
There is an open door here.
You see here a +0 dire flail.
Things that are here:
a +0 ring mail; a +0 plate armour; a +0 great mace
There is an open door here.
There is a gate leading back out of this place here.
You go up through the gate.
Welcome back to the Dungeon!
There is a gate to the Vaults here.
There is a large open door here.
There is a stone staircase leading down here.
You climb downwards.
There is a stone staircase leading up here.
There is a stone staircase leading down here.
You climb downwards.
There is a stone staircase leading up here.
There is an open door here.
Things that are here:
a +0 ring mail; a +0 short sword
There is an open door here.
Things that are here:
a +0 robe; a +0 trident
There is a staircase to the Depths here.
You climb downwards.
Welcome back to the Depths!
There is a staircase back to the Dungeon here.
There is an open door here.
There is an open door here.
Things that are here:
a +0 robe; a +0 trident You see here a +0 long sword.
There is a stone staircase leading down, spattered with blood here.
You climb downwards.
Level annotation: 1 transporter
There is a stone staircase leading up, spattered with blood here.
You see here a +0 troll leather armour.
Things that are here:
a +2 scale mail of cold resistance; a +5 great sword of flaming; a +0 battleaxe of freezing
There is a stone staircase leading down here.
You climb downwards.
There is a stone staircase leading up here.
Things that are here:
a +0 robe; a +0 dagger
There is a large open door here.
You enter the shallow water.
Moving in this stuff is going to be slow.
There is a basalt altar of Yredelemnul here.
You enter the shallow water.
Moving in this stuff is going to be slow.
There is an open door here.
There is an open door, spattered with blood here.
Items here: )))))) [[[.
There is an open door here.
There is an open door, spattered with blood here.
You see here a +0 troll leather armour.
There is a stone staircase leading down here.
You climb downwards.
There is a stone staircase leading up here.
You see here a +0 troll leather armour.
You see here a +0 troll leather armour.
You see here a +0 spear.
You see here a +0 troll leather armour.
You see here 6 stones.
There is an open gate here.
Things that are here:
a +0 animal skin; a +0 rapier You see here a +0 flail.
There is an open door here.
There is an open door here.
You see here +0 shadow dragon scales.
There is a gate to the Realm of Zot here.
You go down through the gate.
Welcome back to the Realm of Zot!
There is a gate leading back out of this place here.
Things that are here:
a +4 ring of protection; a +0 dire flail You see here +0 acid dragon scales.
There is an open door here.
There is a stone staircase leading down here.
You climb downwards.
There is a stone staircase leading up here.
You see here a scroll of brand weapon.
You see here a +0 long sword.
Things that are here:
quicksilver dragon scales; +0 shadow dragon scales You see here +0 gold dragon scales.
There is a huge open gate here.
You see here a +1 broad axe of flaming.
There is a huge open gate here.
There is a large open door, spattered with blood here.
Things that are here:
a +0 broad axe; a +0 cloak
There is a large open door here.
You see here a +0 cloak.
There is a large open door, spattered with blood here.
You see here +0 fire dragon scales.
You see here a +0 cloak.
There is a large open door, spattered with blood here.
You see here a +1 cloak.
You see here a +0 cloak.
There is a large open door, spattered with blood here.
You see here a +0 cloak.
There is a large open door, spattered with blood here.
You see here a +0 cloak.
Things that are here:
+0 ice dragon scales; a +0 cloak
There is a large open door here.
There is an open door here.
There is an open door here.
There is a stone staircase leading down here.
You climb downwards.
There is a stone staircase leading up here.
You enter the shallow water.
Moving in this stuff is going to be slow.
There is a stone staircase leading down here.
You climb downwards.
There is a stone staircase leading up here.
There is an open door here.
Items here: )) [[.
There is a stone staircase leading down here.
You climb downwards.
There is a stone staircase leading up, spattered with blood here.
What are your orders? t - Shout!
Orders for allies: a - Attack new target. r - Retreat! s - Stop attacking. g - Guard the area. f - Follow me.
Anything else - Cancel.
You shout for attention!
You start waiting.
Done waiting.
Okay, then.
You see here the Orb of Zot.
Unknown command.
Unknown command.
You pick up the Orb of Zot!
The Orb lets out a hideous shriek!
The lords of Pandemonium are not amused.
Beware!
Now all you have to do is get back out of the dungeon!
A balrug and 2 sun demons come into view.
The balrug is wielding a +0 demon whip of venom.
Unknown command.
Casting: Manifold Assault (safe; 1% risk of failure)
Confirm with . or Enter, or press ? or * to list all spells.
Space momentarily warps into an impossible shape!
You thump the balrug! You bludgeon the sun demon!!
You flatten the sun demon like a pancake!!!!!
You kill the sun demon!
The Shining One accepts your kill.
You feel your power returning.
Casting: Manifold Assault (safe; 1% risk of failure)
Confirm with . or Enter, or press ? or * to list all spells.
Space momentarily warps into an impossible shape!
You crush the sun demon like a grape!!!!
You kill the sun demon!
The Shining One accepts your kill.
You feel your power returning.
You crush the balrug like a grape!!!!!
You kill the balrug!
The Shining One accepts your kill.
You feel your power returning.
A sun demon comes into view.
Casting: Manifold Assault (safe; 1% risk of failure)
Confirm with . or Enter, or press ? or * to list all spells.
Space momentarily warps into an impossible shape!
You bludgeon the sun demon!!
You now have 41/45 mp.
Casting: Manifold Assault (safe; 1% risk of failure)
Confirm with . or Enter, or press ? or * to list all spells.
Space momentarily warps into an impossible shape!
You barely miss the sun demon.
You now have 38/45 mp.
You rampage towards the sun demon!
You barely miss the sun demon.
The sun demon is moderately wounded.
The sun demon hits you but does no damage. x2
Casting: Manifold Assault (safe; 1% risk of failure)
Confirm with . or Enter, or press ? or * to list all spells.
Space momentarily warps into an impossible shape!
You hammer the sun demon like a gong!!!!!!
You kill the sun demon!
The Shining One accepts your kill.
You feel your power returning.
A green death comes into view.
You now have 37/45 mp.
A sun demon comes into view.
Casting: Manifold Assault (safe; 1% risk of failure)
Confirm with . or Enter, or press ? or * to list all spells.
Space momentarily warps into an impossible shape!
You hammer the sun demon like a gong!!!!!
You kill the sun demon!
The Shining One accepts your kill.
You feel your power returning.
You hammer the green death like a gong!!!!!
You kill the green death!
The Shining One accepts your kill.
You now have 34/45 mp.
Casting: Manifold Assault (safe; 1% risk of failure)
Confirm with . or Enter, or press ? or * to list all spells.
You don't know that spell.
You regained 2 mp, and now have 36/45 mp.
You regained 2 mp, and now have 38/45 mp.
You enter a permanent teleport trap!
Your surroundings suddenly seem different.
Magic restored.
There is a stone staircase leading up here.
You climb upwards.
There is a stone staircase leading down here.
MP restored: 45 You open the door.
There is an open door here.
An Orb Guardian comes into view.
An Orb Guardian is nearby!
Casting: Manifold Assault (safe; 1% risk of failure)
Confirm with . or Enter, or press ? or * to list all spells.
Space momentarily warps into an impossible shape!
You hammer the Orb Guardian like a gong!!!
You now have 41/45 mp.
Casting: Manifold Assault (safe; 1% risk of failure)
Confirm with . or Enter, or press ? or * to list all spells.
You don't know that spell.
You can't go up here!
Unknown command.
An Orb Guardian is nearby!
Casting: Manifold Assault (safe; 1% risk of failure)
Confirm with . or Enter, or press ? or * to list all spells.
Space momentarily warps into an impossible shape!
You crush the Orb Guardian like a grape!!!!
You kill the Orb Guardian!
Your Invocations skill increases to level 26!
You now have 38/45 mp.
Casting: Manifold Assault (safe; 1% risk of failure)
Confirm with . or Enter, or press ? or * to list all spells.
You don't know that spell.
You can't go up here!
You see here a +1 battleaxe of flaming.
You see here +0 gold dragon scales.
There is a stone staircase leading up here.
You climb upwards.
There is a stone staircase leading down here.
You regained 5 mp, and now have 43/45 mp.
There is a stone staircase leading down here.
You enter the shallow water.
Moving in this stuff is going to be slow.
Magic restored.
There is a stone staircase leading up here.
You climb upwards.
There is a stone staircase leading down here.
MP restored: 45
There is an open door here.
There is an open door here.
There is a large open door here.
Things that are here:
+0 ice dragon scales; a +0 cloak
There is a large open door, spattered with blood here.
You see here a +0 cloak.
There is a large open door, spattered with blood here.
You see here a +0 cloak.
You see here a +0 cloak.
There is a large open door, spattered with blood here.
You see here a +1 cloak.
You see here a +0 cloak.
There is a large open door, spattered with blood here.
You see here +0 fire dragon scales.
You see here a +0 cloak.
There is a large open door, spattered with blood here.
Things that are here:
a +0 battleaxe; a +0 war axe; a +0 halberd
There is a large open door, spattered with blood here.
You see here a +0 war axe of venom.
A sixfirhy comes into view.
There is a huge open gate here.
A sixfirhy is nearby!
What level of the Realm of Zot? (default 1, ? - help)
Okay, then.
Unknown command.
Casting: Manifold Assault (safe; 1% risk of failure)
Confirm with . or Enter, or press ? or * to list all spells.
Space momentarily warps into an impossible shape!
You hit the sixfirhy but do no damage.
You now have 41/45 mp.
Casting: Manifold Assault (safe; 1% risk of failure)
Confirm with . or Enter, or press ? or * to list all spells.
Space momentarily warps into an impossible shape!
You beat the sixfirhy like a drum!!!!
You kill the sixfirhy!
The Shining One accepts your kill.
You feel your power returning.
You now have 39/45 mp.
There is a huge open gate here.
You see here a +1 broad axe of flaming.
A demonspawn warmonger and an Executioner come into view.
The demonspawn warmonger is wielding a +5 heavy battleaxe and wearing a +2 plate armour of cold resistance.
Unknown command.
Casting: Manifold Assault (safe; 1% risk of failure)
Confirm with . or Enter, or press ? or * to list all spells.
Space momentarily warps into an impossible shape!
You closely miss the Executioner. You bludgeon the demonspawn warmonger!!
You now have 36/45 mp.
Casting: Manifold Assault (safe; 1% risk of failure)
Confirm with . or Enter, or press ? or * to list all spells.
Space momentarily warps into an impossible shape!
You barely miss the Executioner.
You crush the demonspawn warmonger like a grape!!!!
You kill the demonspawn warmonger!
The Shining One accepts your kill.
You feel your power returning.
The Executioner gestures.
The Executioner seems to speed up.
The Executioner hits you but does no damage. x2
You block the Executioner's attack.
An Executioner is nearby!
Unknown command.
You barely miss the Executioner. The Executioner hits you!!
The Executioner hits you but does no damage. x2
The Executioner hits you.
The Executioner hits you but does no damage. x4
The Executioner barely misses you. The Executioner completely misses you.
The Executioner hits you but does no damage. x2
You take 22 damage, and have 251/273 hp.
Casting: Manifold Assault (safe; 1% risk of failure)
Confirm with . or Enter, or press ? or * to list all spells.
Space momentarily warps into an impossible shape!
You beat the Executioner like a drum!!!!!
You kill the Executioner!
The Shining One accepts your kill.
You now have 34/45 mp.
You see here +0 gold dragon scales.
You see here a +0 war axe.
HP restored.
You see here a +0 long sword.
An Orb Guardian comes into view.
Health restored: 273 You regained 9 mp, and now have 43/45 mp.
An Orb Guardian is nearby!
Casting: Manifold Assault (safe; 1% risk of failure)
Confirm with . or Enter, or press ? or * to list all spells.
Space momentarily warps into an impossible shape!
You closely miss the Orb Guardian.
You now have 40/45 mp.
An Orb Guardian is nearby!
Casting: Manifold Assault (safe; 1% risk of failure)
Confirm with . or Enter, or press ? or * to list all spells.
Space momentarily warps into an impossible shape!
You beat the Orb Guardian like a drum!!!!!
You kill the Orb Guardian!
You now have 36/45 mp.
Casting: Manifold Assault (safe; 1% risk of failure)
Confirm with . or Enter, or press ? or * to list all spells.
You don't know that spell.
You can't go up here!
There is a stone staircase leading up here.
You climb upwards.
There is a stone staircase leading down here.
You regained 4 mp, and now have 40/45 mp.
An Executioner comes into view.
The Executioner gives a hideous shriek!
What level of the Realm of Zot? (default 1, ? - help)
Okay, then.
Casting: Manifold Assault (safe; 1% risk of failure)
Confirm with . or Enter, or press ? or * to list all spells.
Space momentarily warps into an impossible shape!
You crush the Executioner like a grape!!!
The Executioner gestures.
The Executioner seems to speed up.
You now have 37/45 mp.
Casting: Manifold Assault (safe; 1% risk of failure)
Confirm with . or Enter, or press ? or * to list all spells.
Space momentarily warps into an impossible shape!
You closely miss the Executioner.
A large abomination comes into view.
The Executioner hits you but does no damage. x3
You now have 33/45 mp.
There are monsters nearby!
Unknown command.
Casting: Manifold Assault (safe; 1% risk of failure)
Confirm with . or Enter, or press ? or * to list all spells.
Space momentarily warps into an impossible shape!
You flatten the Executioner like a pancake!!!!!
You kill the Executioner!
The Shining One accepts your kill.
You feel your power returning.
You flatten the large abomination like a pancake!!!
A large abomination comes into view.
Casting: Manifold Assault (safe; 1% risk of failure)
Confirm with . or Enter, or press ? or * to list all spells.
Space momentarily warps into an impossible shape!
You beat the large abomination like a drum!!!!!!
You destroy the large abomination!
The Shining One accepts your kill.
You feel your power returning.
You beat the large abomination like a drum!!!!!
You destroy the large abomination!
The Shining One accepts your kill.
You feel your power returning.
You regained 2 mp, and now have 35/45 mp.
A ynoxinul comes into view.
The ynoxinul bellows!
Casting: Manifold Assault (safe; 1% risk of failure)
Confirm with . or Enter, or press ? or * to list all spells.
Space momentarily warps into an impossible shape!
You flatten the ynoxinul like a pancake!!!!!
You kill the ynoxinul!
The Shining One accepts your kill.
You feel your power returning.
You now have 34/45 mp.
There is an open door here.
You see here +0 acid dragon scales.
An ice devil comes into view.
Things that are here:
a +4 ring of protection; a +0 dire flail You regained 5 mp, and now have 39/45 mp.
Casting: Manifold Assault (safe; 1% risk of failure)
Confirm with . or Enter, or press ? or * to list all spells.
Space momentarily warps into an impossible shape!
You beat the ice devil like a drum!!!!
You kill the ice devil!
The Shining One accepts your kill.
You now have 35/45 mp.
There is a gate leading back out of this place here.
You go up through the gate.
Welcome back to the Depths!
There is a gate to the Realm of Zot here.
You regained 4 mp, and now have 39/45 mp.
You see here +0 shadow dragon scales.
There is an open door here.
Magic restored.
There is an open door here.
You see here a potion of degeneration.
There is an open gate, spattered with blood here.
You see here a +0 long sword.
You see here 6 stones.
A hell hog comes into view. x2
MP restored: 45
There are monsters nearby!
Casting: Manifold Assault (safe; 1% risk of failure)
Confirm with . or Enter, or press ? or * to list all spells.
Space momentarily warps into an impossible shape!
The hell hog squeals angrily. x2
You flatten the hell hog like a pancake!!!!!
You kill the hell hog!
The Shining One accepts your kill.
You pound the hell hog like an anvil!!!
You kill the hell hog!
The Shining One accepts your kill.
You now have 41/45 mp.
Casting: Manifold Assault (safe; 1% risk of failure)
Confirm with . or Enter, or press ? or * to list all spells.
You don't know that spell.
You can't go up here!
A hell hog comes into view. x2
The hell hog breathes fire at you.
The fireball explodes!
The fireball engulfs you but does no damage.
The hell hog squeals angrily.
Casting: Manifold Assault (safe; 1% risk of failure)
Confirm with . or Enter, or press ? or * to list all spells.
Space momentarily warps into an impossible shape!
You flatten the hell hog like a pancake!!!!
You kill the hell hog!
The Shining One accepts your kill.
You flatten the hell hog like a pancake!!!
You kill the hell hog!
The Shining One accepts your kill.
You feel your power returning.
Casting: Manifold Assault (safe; 1% risk of failure)
Confirm with . or Enter, or press ? or * to list all spells.
You don't know that spell.
You can't go up here!
A Brimstone Fiend comes into view.
Casting: Manifold Assault (safe; 1% risk of failure)
Confirm with . or Enter, or press ? or * to list all spells.
Space momentarily warps into an impossible shape!
You crush the Brimstone Fiend like a grape!!!!!
You kill the Brimstone Fiend!
The Shining One accepts your kill.
You now have 38/45 mp.
A Hell Sentinel comes into view.
Unknown command.
Casting: Manifold Assault (safe; 1% risk of failure)
Confirm with . or Enter, or press ? or * to list all spells.
Space momentarily warps into an impossible shape!
You hammer the Hell Sentinel like a gong!!!!
You now have 35/45 mp.
Casting: Manifold Assault (safe; 1% risk of failure)
Confirm with . or Enter, or press ? or * to list all spells.
Space momentarily warps into an impossible shape!
You beat the Hell Sentinel like a drum!!!!!!
You kill the Hell Sentinel!
The Shining One accepts your kill.
You feel your power returning.
You regained 4 mp, and now have 39/45 mp.
You see here a +0 scale mail.
There is a stone staircase leading up here.
You climb upwards.
There is a stone staircase leading down here.
MP restored: 45 Unknown command.
There is an escape hatch in the floor here.
You see here a +0 robe.
A balrug comes into view.
It is wielding a +2 demon whip of venom.
A balrug is nearby!
Casting: Manifold Assault (safe; 1% risk of failure)
Confirm with . or Enter, or press ? or * to list all spells.
Space momentarily warps into an impossible shape!
You hammer the balrug like a gong!!!!!!
You kill the balrug!
The Shining One accepts your kill.
You now have 41/45 mp.
Casting: Manifold Assault (safe; 1% risk of failure)
Confirm with . or Enter, or press ? or * to list all spells.
You don't know that spell.
You can't go up here!
Unknown command.
Magic restored.
There is a large open door here.
You enter the shallow water.
Moving in this stuff is going to be slow.
You enter the shallow water.
Moving in this stuff is going to be slow.
There is a large open door here.
There is a stone staircase leading up here.
You climb upwards.
Level annotation: 1 transporter
There is a stone staircase leading down here.
MP restored: 45
Things that are here:
a +0 battleaxe of freezing; a +0 robe; a +3 vampiric lajatang A Juni, a lich, a sun demon and a smoke demon come into view.
Things that are here:
a +0 quarterstaff; a dragon-blood talisman
Okay, then.
Unknown command.
Unknown command.
Casting: Manifold Assault (safe; 1% risk of failure)
Confirm with . or Enter, or press ? or * to list all spells.
Space momentarily warps into an impossible shape!
You flatten the lich like a pancake!!!!
You destroy the lich!
The Shining One accepts your kill.
You feel your power returning.
You hammer the smoke demon like a gong!!!!
You kill the smoke demon!
The Shining One accepts your kill.
You hammer Juni like a gong!!!!! You barely miss the sun demon.
Casting: Manifold Assault (safe; 1% risk of failure)
Confirm with . or Enter, or press ? or * to list all spells.
Space momentarily warps into an impossible shape!
You beat Juni like a drum!!!!!
You kill Juni!
The Shining One accepts your kill.
You beat the sun demon like a drum!!!!
You kill the sun demon!
The Shining One accepts your kill.
You feel your power returning.
There is a stone staircase leading up here.
You climb upwards.
There is a stone staircase leading down, spattered with blood here.
There is an open door here.
There is an open door here.
Things that are here:
a +0 robe; a +0 whip
There is an open door here.
Things that are here:
a +0 robe; a +0 trident
There is an open door here.
A Mink, an ancient lich and a rust devil come into view.
There are monsters nearby!
Unknown command.
Unknown command.
Unknown command.
Casting: Manifold Assault (safe; 1% risk of failure)
Confirm with . or Enter, or press ? or * to list all spells.
Space momentarily warps into an impossible shape!
You hit the ancient lich but do no damage.
You beat the rust devil like a drum!!!!!
You kill the rust devil!
The Shining One accepts your kill.
You feel your power returning.
You sock Mink!
You now have 42/45 mp.
Casting: Manifold Assault (safe; 1% risk of failure)
Confirm with . or Enter, or press ? or * to list all spells.
Space momentarily warps into an impossible shape!
You flatten the ancient lich like a pancake!!!!!
You destroy the ancient lich!
The Shining One accepts your kill.
You feel your power returning.
You hammer Mink like a gong!!!!
MP restored: 45
Casting: Manifold Assault (safe; 1% risk of failure)
Confirm with . or Enter, or press ? or * to list all spells.
Space momentarily warps into an impossible shape!
You closely miss Mink. Mink gestures at you.
The bolt of dispelling energy misses you.
You now have 42/45 mp.
Casting: Manifold Assault (safe; 1% risk of failure)
Confirm with . or Enter, or press ? or * to list all spells.
Space momentarily warps into an impossible shape!
You closely miss Mink. Mink tail-slaps you but does no damage.
You now have 38/45 mp.
Casting: Manifold Assault (safe; 1% risk of failure)
Confirm with . or Enter, or press ? or * to list all spells.
Space momentarily warps into an impossible shape!
You barely miss Mink. Mink tail-slaps you!
Mink tail-slaps you but does no damage.
You take 13 damage, and have 260/273 hp.
You now have 34/45 mp.
Casting: Manifold Assault (safe; 1% risk of failure)
Confirm with . or Enter, or press ? or * to list all spells.
Space momentarily warps into an impossible shape!
You closely miss Mink. You block Mink's attack.
Visal Siy comes into view. It is armed with a chaotic touch.
You now have 31/45 mp.
Casting: Manifold Assault (safe; 1% risk of failure)
Confirm with . or Enter, or press ? or * to list all spells.
Okay, then.
Unknown command.
Casting: Manifold Assault (safe; 1% risk of failure)
Confirm with . or Enter, or press ? or * to list all spells.
Space momentarily warps into an impossible shape!
You hit Visal Siy but do no damage. You miss Mink.
Mink tail-slaps you but does no damage. x2
You regained 2 hp, and now have 263/273 hp.
You now have 27/45 mp.
Unknown command.
Okay, then.
Throw: 5 throwing nets
Press: ? - help, Shift-Dir - straight line, f - Mink
Aim: Mink (heavily wounded, haloed, 53% to hit)
You throw a throwing net. The throwing net misses Mink.
Mink barely misses you.
A small abomination comes into view.
Casting: Manifold Assault (safe; 1% risk of failure)
Confirm with . or Enter, or press ? or * to list all spells.
Space momentarily warps into an impossible shape!
You hammer Visal Siy like a gong!!!
You crush the small abomination like a grape!!!
You destroy the small abomination!
The Shining One accepts your kill.
You feel better.
You flatten Mink like a pancake!!!!!
You kill Mink!
The Shining One accepts your kill.
You feel better.
You feel your power returning. Visal Siy hits you but does no damage.
Training target 27.0 for Invocations reached!
You have mastered Invocations!
You need to enable at least one skill for training.
Health restored: 273 You regained 3 mp, and now have 31/45 mp.
Casting: Manifold Assault (safe; 1% risk of failure)
Confirm with . or Enter, or press ? or * to list all spells.
Space momentarily warps into an impossible shape!
You pound Visal Siy like an anvil!!!!!
You kill Visal Siy!
The Shining One accepts your kill.
You now have 28/45 mp.
There is a staircase back to the Dungeon here.
You climb upwards.
Welcome back to the Dungeon!
There is a staircase to the Depths here.
You regained 5 mp, and now have 33/45 mp.
Things that are here:
a +0 robe; a +0 trident
There is an open door here.
Things that are here:
a +0 ring mail; a +0 short sword Magic restored.
An Orb Guardian comes into view.
MP restored: 45 An Orb Guardian is nearby!
Unknown command.
Casting: Manifold Assault (safe; 1% risk of failure)
Confirm with . or Enter, or press ? or * to list all spells.
Space momentarily warps into an impossible shape!
You beat the Orb Guardian like a drum!!!!!
You kill the Orb Guardian!
You now have 41/45 mp.
There is an open door here.
There is a stone staircase leading up here.
You climb upwards.
Magic restored.
There is a stone staircase leading down here.
MP restored: 45
There is a stone staircase leading up here.
You climb upwards.
There is a stone staircase leading down here.
A hellion comes into view.
The hellion gives a hideous shriek!
Okay, then.
Casting: Manifold Assault (safe; 1% risk of failure)
Confirm with . or Enter, or press ? or * to list all spells.
Space momentarily warps into an impossible shape!
You hammer the hellion like a gong!!!!!
You kill the hellion!
The Shining One accepts your kill.
You now have 41/45 mp.
Casting: Manifold Assault (safe; 1% risk of failure)
Confirm with . or Enter, or press ? or * to list all spells.
You don't know that spell.
You can't go up here!
There is an escape hatch in the floor here.
You see here a +0 orcbow.
Magic restored.
You see here a +3 ring mail.
Things that are here:
a +0 kite shield; a +0 ring mail; a +0 broad axe You see here a +0 hand axe.
A neqoxec comes into view.
The neqoxec shouts!
The neqoxec moves out of view.
MP restored: 45
Casting: Manifold Assault (safe; 1% risk of failure)
Confirm with . or Enter, or press ? or * to list all spells.
You can't see any susceptible monsters within range! (Use Z to cast anyway.)
Casting: Manifold Assault (safe; 1% risk of failure)
Confirm with . or Enter, or press ? or * to list all spells.
Space momentarily warps into an impossible shape!
You pound the neqoxec like an anvil!!!!
You kill the neqoxec!
The Shining One accepts your kill.
You feel your power returning.
You now have 42/45 mp.
Casting: Manifold Assault (safe; 1% risk of failure)
Confirm with . or Enter, or press ? or * to list all spells.
You don't know that spell.
You can't go up here!
Unknown command.
There is a stone staircase leading up here.
You climb upwards.
A green death comes into view.
There is a stone staircase leading down here.
MP restored: 45 A green death is nearby!
Casting: Manifold Assault (safe; 1% risk of failure)
Confirm with . or Enter, or press ? or * to list all spells.
Space momentarily warps into an impossible shape!
You hammer the green death like a gong!!!
You now have 41/45 mp.
Casting: Manifold Assault (safe; 1% risk of failure)
Confirm with . or Enter, or press ? or * to list all spells.
Space momentarily warps into an impossible shape!
You flatten the green death like a pancake!!!
You kill the green death!
The Shining One accepts your kill.
You feel your power returning.
You now have 38/45 mp.
A Brimstone Fiend comes into view.
You regained 2 mp, and now have 40/45 mp.
Casting: Manifold Assault (safe; 1% risk of failure)
Confirm with . or Enter, or press ? or * to list all spells.
Space momentarily warps into an impossible shape!
You pound the Brimstone Fiend like an anvil!!!!!
You kill the Brimstone Fiend!
The Shining One accepts your kill.
You feel your power returning.
Magic restored.
A Tzitzimitl comes into view.
MP restored: 45
Casting: Manifold Assault (safe; 1% risk of failure)
Confirm with . or Enter, or press ? or * to list all spells.
Space momentarily warps into an impossible shape!
You pound the Tzitzimitl like an anvil!!!!!
You kill the Tzitzimitl!
The Shining One accepts your kill.
You feel your power returning.
There is a stone staircase leading up here.
You climb upwards.
There is a stone staircase leading down here.
There is a stone staircase leading up here.
You climb upwards.
There is a stone staircase leading down here.
An Orb Guardian comes into view.
Unknown command.
Casting: Manifold Assault (safe; 1% risk of failure)
Confirm with . or Enter, or press ? or * to list all spells.
Space momentarily warps into an impossible shape!
You pound the Orb Guardian like an anvil!!!!
You now have 41/45 mp.
What level of the Realm of Zot? (default 1, ? - help)
Okay, then.
Casting: Manifold Assault (safe; 1% risk of failure)
Confirm with . or Enter, or press ? or * to list all spells.
Space momentarily warps into an impossible shape!
You bludgeon the Orb Guardian!!
You kill the Orb Guardian!
You now have 38/45 mp.
Unknown command.
A green death comes into view.
Casting: Manifold Assault (safe; 1% risk of failure)
Confirm with . or Enter, or press ? or * to list all spells.
Space momentarily warps into an impossible shape!
You flatten the green death like a pancake!!!!
You kill the green death!
The Shining One accepts your kill.
You feel your power returning.
You now have 37/45 mp.
An Orb Guardian comes into view.
You regained 2 mp, and now have 39/45 mp.
Casting: Manifold Assault (safe; 1% risk of failure)
Confirm with . or Enter, or press ? or * to list all spells.
Space momentarily warps into an impossible shape!
You pound the Orb Guardian like an anvil!!!!!
You kill the Orb Guardian!
Your Armour skill increases to level 21!
You now have 35/45 mp.
A blizzard demon comes into view.
You regained 4 mp, and now have 39/45 mp.
A blizzard demon is nearby!
Casting: Manifold Assault (safe; 1% risk of failure)
Confirm with . or Enter, or press ? or * to list all spells.
Space momentarily warps into an impossible shape!
You beat the blizzard demon like a drum!!!!!
You kill the blizzard demon!
The Shining One accepts your kill.
You feel your power returning.
You now have 37/45 mp.
There is a stone staircase leading up here.
You climb upwards.
There is a stone staircase leading down here.
There is an open door here.
An Orb Guardian comes into view.
You regained 6 mp, and now have 44/45 mp.
Okay, then.
Casting: Manifold Assault (safe; 1% risk of failure)
Confirm with . or Enter, or press ? or * to list all spells.
Space momentarily warps into an impossible shape!
You bludgeon the Orb Guardian!!
You now have 41/45 mp.
Okay, then.
Casting: Manifold Assault (safe; 1% risk of failure)
Confirm with . or Enter, or press ? or * to list all spells.
Space momentarily warps into an impossible shape!
You flatten the Orb Guardian like a pancake!!!
You hear a trumpeting!
You now have 37/45 mp.
An Orb Guardian is nearby!
Unknown command.
Casting: Manifold Assault (safe; 1% risk of failure)
Confirm with . or Enter, or press ? or * to list all spells.
Space momentarily warps into an impossible shape!
You crush the Orb Guardian like a grape!!!!
You kill the Orb Guardian!
You now have 33/45 mp.
There is a stone staircase leading up, spattered with blood here.
You climb upwards.
There is a stone staircase leading down here.
There is a stone staircase leading up here.
You climb upwards.
There is a stone staircase leading down here.
You regained 4 mp, and now have 38/45 mp.
There is a stone staircase leading up here.
You climb upwards.
There is a stone staircase leading down here.
You regained 3 mp, and now have 41/45 mp.
Magic restored.
You see here a staff of death.
A neqoxec comes into view.
MP restored: 45
Casting: Manifold Assault (safe; 1% risk of failure)
Confirm with . or Enter, or press ? or * to list all spells.
Space momentarily warps into an impossible shape!
You flatten the neqoxec like a pancake!!!!
You kill the neqoxec!
The Shining One accepts your kill.
You feel your power returning.
You now have 43/45 mp.
There is a stone staircase leading up here.
You climb upwards.
There is a stone staircase leading down here.
MP restored: 45 You see here a +0 hand axe.
Things that are here:
a +0 robe; a +0 dagger
Things that are here:
a +0 robe; a +0 trident A tormentor comes into view.
Casting: Manifold Assault (safe; 1% risk of failure)
Confirm with . or Enter, or press ? or * to list all spells.
Space momentarily warps into an impossible shape!
You barely miss the tormentor.
You now have 41/45 mp.
Casting: Manifold Assault (safe; 1% risk of failure)
Confirm with . or Enter, or press ? or * to list all spells.
Space momentarily warps into an impossible shape!
You pound the tormentor like an anvil!!!!!
You kill the tormentor!
The Shining One accepts your kill.
You feel your power returning.
You now have 39/45 mp.
There is a stone staircase leading down here.
A chaos spawn comes into view.
You regained 2 mp, and now have 41/45 mp.
A chaos spawn is nearby!
Casting: Manifold Assault (safe; 1% risk of failure)
Confirm with . or Enter, or press ? or * to list all spells.
Space momentarily warps into an impossible shape!
You flatten the chaos spawn like a pancake!!!!!
You kill the chaos spawn!
The Shining One accepts your kill.
The chaos spawn degenerates into a cloud of primal chaos!
You now have 38/45 mp.
There is a stone staircase leading up, spattered with blood here.
You climb upwards.
There is a stone staircase leading down, spattered with blood here.
You regained 3 mp, and now have 41/45 mp.
Magic restored.
There is a stone staircase leading up here.
You climb upwards.
There is a stone staircase leading down here.
MP restored: 45
There is a stone staircase leading up here.
You climb upwards.
There is a stone staircase leading down here.
An ice devil comes into view.
Casting: Manifold Assault (safe; 1% risk of failure)
Confirm with . or Enter, or press ? or * to list all spells.
Space momentarily warps into an impossible shape!
You sock the ice devil!
You now have 41/45 mp.
Okay, then.
Casting: Manifold Assault (safe; 1% risk of failure)
Confirm with . or Enter, or press ? or * to list all spells.
Space momentarily warps into an impossible shape!
You pound the ice devil like an anvil!!!!
You kill the ice devil!
The Shining One accepts your kill.
You feel your power returning.
You now have 40/45 mp.
There is a stone staircase leading up here.
You climb upwards.
There is a stone staircase leading down here.
Magic restored.
A smoke demon comes into view.
MP restored: 45
Casting: Manifold Assault (safe; 1% risk of failure)
Confirm with . or Enter, or press ? or * to list all spells.
Space momentarily warps into an impossible shape!
The smoke demon roars!
You flatten the smoke demon like a pancake!!!!!!
You kill the smoke demon!
The Shining One accepts your kill.
You now have 41/45 mp.
There is an escape hatch in the floor here.
A Hell Sentinel comes into view.
MP restored: 45
Casting: Manifold Assault (safe; 1% risk of failure)
Confirm with . or Enter, or press ? or * to list all spells.
Space momentarily warps into an impossible shape!
You beat the Hell Sentinel like a drum!!!
You now have 41/45 mp.
Casting: Manifold Assault (safe; 1% risk of failure)
Confirm with . or Enter, or press ? or * to list all spells.
Space momentarily warps into an impossible shape!
You flatten the Hell Sentinel like a pancake!!!!
You kill the Hell Sentinel!
The Shining One accepts your kill.
You feel your power returning.
You regained 3 mp, and now have 44/45 mp.
An Orb Guardian comes into view.
There is a staircase leading out of the dungeon here.
An Orb Guardian is nearby!
Casting: Manifold Assault (safe; 1% risk of failure)
Confirm with . or Enter, or press ? or * to list all spells.
Space momentarily warps into an impossible shape!
You beat the Orb Guardian like a drum!!!
You now have 41/45 mp.
Casting: Manifold Assault (safe; 1% risk of failure)
Confirm with . or Enter, or press ? or * to list all spells.
Space momentarily warps into an impossible shape!
You hammer the Orb Guardian like a gong!!!
You kill the Orb Guardian!
You now have 37/45 mp.
You are illuminated by a large divine halo.
You are glowing.
You are studying Long Blades, Armour, Dodging and Shields.
Your movement speed is average.
Your attack delay is about 1.5.
Your damage rating with the +10 dark maul {heavy} is about 264 (Base [37 + 29 (Hvy)] x 172% (Str) x 223% (Skill) + 10 (Ench)).
Your base attributes are Str 14, Int 28, Dex 9.
Unknown command.
Okay, then.
Unknown command.
Unknown command.
You have escaped!

#####################
....................#
....................#
#####...####...##...#
# #...# #...##...# #
#...####........#
#####........>..@...#
....................#
..........#######...#
..#####...# #...# ..#
#...# #...# ..# #...#
#...#
..#####...#######...#
....................#
....................#


There were no monsters in sight!

Vanquished Creatures
  Cerebov (Pan)
  Antaeus (Coc:7)
  Asmodeus (Geh:7)
  Gloorx Vloq (Pan)
  Ereshkigal (Tar:7)
  the Royal Jelly (Slime:5)
  9 pandemonium lords
  Lom Lobon (Pan)
  Mnoleg (Pan)
  2 dread liches
  6 ancient liches
  Dispater (Dis:7)
  7 orbs of fire
  Mara (Elf:3)
  4 juggernauts
  23 royal mummies
  Josephina (Crypt:2)
  Vv (Zot:3)
  6 Killer Klowns
  Frederick (Depths:4)
  13 shard shrikes
  Bai Suzhen (Depths:2)
  Saint Roka (Depths:1)
  10 caustic shrikes
  2 curse toes (Zot:5)
  Geryon (Hell)
  12 golden dragons
  the Enchantress (Depths:2)
  13 profane servitors
  20 bone dragons
  3 electric golems
  12 Brimstone Fiends
  5 doom hounds
  11 iron giants
  22 Tzitzimimeh
  17 hellephants
  Rupert (Lair:4)
  21 tentacled monstrosities
  18 Ice Fiends
  25 Hell Sentinels
  A shard shrike skeleton (Crypt:1)
  17 tainted leviathans
  Jorgrun (D:15)
  3 walking earthen tomes (Depths:3)
  2 deep elf blademasters (Elf:3)
  6 liches
  32 Orb Guardians
  A walking divine tome (Depths:3)
  5 quicksilver dragons
  2 deep elf master archers (Elf:3)
  25 searing wretches
  Asterion (Snake:1)
  20 acid blobs
  A kraken (Shoals:4)
  12 titans
  13 sphinxes
  8 tentacled starspawn
  24 ancient champions
  An eldritch tentacle (Pan)
  Kirke (Snake:3)
  9 death cobs
  21 Executioners
  12 tengu reavers
  28 storm dragons
  10 shadow dragons
  17 draconian monks
  4 revenants
  2 daevas (Pan)
  11 rockslimes
  Donald (Crypt:2)
  14 fire giants
  5 draconian knights
  4 demonspawn warmongers
  8 iron dragons
  37 narguns
  32 azure jellies
  13 quicksilver elementals
  4 curse skulls
  21 frost giants
  39 balrugs
  Louise (Depths:4)
  17 nagarajas
  9 deep elf sorcerers
  2 ghost moths (Zot:4)
  A draconian shifter (Zot:4)
  3 juggernaut zombies
  6 deep elf elementalists (Elf:3)
  8 draconian scorchers
  A spectral juggernaut (Tar:1)
  21 vault wardens
  13 draconian stormcallers
  A caustic shrike zombie (Crypt:3)
  19 ironbound preservers
  A spectral caustic shrike (Tar:7)
  9 shard shrike simulacra
  A draconian annihilator (Pan)
  22 very ugly things
  12 cacodemons
  16 reapers
  15 stone giants
  9 demonspawn corrupters (Pan)
  5 formless jellyfish
  2 demonspawn blood saints (Pan)
  14 quicksilver oozes
  5 deep elf demonologists
  7 ironbound thunderhulks
  9 spriggan defenders
  10 ghouls
  6 green draconians
  10 war gargoyles
  6 black draconians
  10 bennus
  11 purple draconians
  27 elemental wellsprings
  13 deep elf annihilators
  29 putrid mouths
  10 yellow draconians
  4 lorocyprocas
  3 minotaurs (Shoals:4)
  7 vampire knights
  6 demonspawn black suns (Pan)
  13 white draconians
  9 red draconians
  30 dire elephants
  16 wendigos
  7 spark wasps
  14 eidola
  2 merfolk javelineers
  Snorg (Orc:2)
  21 blizzard demons
  12 iron golems
  29 mummy priests
  7 merfolk impalers
  11 ettins
  A quicksilver dragon zombie (Crypt:1)
  12 deep elf death magi
  9 deep elf high priests
  4 jiangshi
  3 spectral spriggans
  12 great orbs of eyes
  A spectral quicksilver dragon (Tar:4)
  10 yaktaur captains
  12 fire dragons
  5 entropy weavers
  15 green deaths
  3 spriggan zombies (Crypt:3)
  14 ice dragons
  28 vault guards
  11 rakshasas
  3 salamander tyrants (Snake:4)
  9 caustic shrike simulacra
  A peacekeeper (Vaults:4)
  2 hell beasts
  6 stokers
  5 juggernaut simulacra
  6 hydras
  12 ironbound frosthearts
  9 anacondas
  9 spriggan air magi
  6 death knights
  A bennu zombie (Crypt:1)
  7 ogre magi
  4 boulder beetles
  The ghost of gorushi the Cleaver, a novice MiFi of Okawaru (D:10)
  3 merfolk aquamancers
  21 dancing weapons
  2 catoblepae
  2 spriggan skeletons (Pan)
  16 centaur warriors
  A fenstrider witch skeleton (Pan)
  27 two-headed ogres
  A merfolk avatar (Shoals:2)
  11 naga warriors
  A satyr (shapeshifter) (Depths:4)
  A spectral stone giant (Tar:1)
  18 satyrs
  10 death yaks
  9 deep troll earth magi
  70 death scarabs
  4 tengu warriors
  3 thrashing horrors (Abyss:3)
  36 hell hogs
  12 deep troll shamans
  7 spriggan berserkers
  12 naga sharpshooters
  A spectral dire elephant (Tar:3)
  8 demonic crawlers (Pan)
  2 vampire magi
  6 holy swine (Pan)
  An orc high priest (Orc:1)
  2 spectral storm dragons (Crypt:1)
  3 storm dragon zombies
  17 deep elf knights
  21 soul eaters
  Sonja (Lair:2)
  3 shock serpents
  53 sun demons
  9 hell knights
  37 shadow wraiths
  10 crystal echidnas
  A fire crab (Volcano)
  7 skysharks
  2 wretched stars (Abyss:3)
  8 sixfirhies
  A titan skeleton (Tomb:2)
  3 spectral anacondas
  2 goliath frogs (Lair:5)
  12 iron trolls
  40 deep trolls
  9 sea snakes
  An elf simulacrum (Crypt:2)
  66 skeletal warriors
  11 lindwurms
  7 spriggan simulacra
  11 flayed ghosts
  6 quicksilver dragon simulacra
  7 naga ritualists
  3 anaconda zombies
  A swamp dragon (shapeshifter) (Elf:3)
  An orb spider (shapeshifter) (D:15)
  10 shadow demons
  12 wizards
  A bunyip skeleton (Pan)
  9 glowing orange brains
  13 necromancers
  2 bog bodies
  18 deep elf archers
  32 phantasmal warriors
  14 harpies
  21 ironbound convokers
  A fenstrider witch simulacrum (Coc:2)
  Pikel (D:6)
  A golden dragon skeleton (Depths:3)
  A shadow dragon zombie (Vaults:5)
  30 deep elf zephyrmancers
  5 orc knights
  4 anaconda skeletons
  32 deep elf pyromancers
  4 mana vipers
  A manticore (shapeshifter) (Vaults:5)
  16 fauns
  7 salamanders
  3 spectral fire dragons (Crypt:1)
  2 human zombies
  4 orc sorcerers
  A will-o-the-wisp (Abyss:3)
  2 spectral ice dragons (Crypt:1)
  2 worldbinders (Abyss:3)
  3 stone giant zombies
  25 ugly things
  3 tengu skeletons
  15 moths of wrath
  6 shining eyes
  A shadow dragon skeleton (Vaults:4)
  13 manticores
  10 cyclopes
  A faun (shapeshifter) (Depths:3)
  2 wolf spiders (Crypt:3)
  A draconian skeleton (Hell)
  10 merfolk sirens
  4 guardian serpents
  An apocalypse crab (Abyss:3)
  28 elephants
  24 large abominations
  44 black mambas
  2 centaur zombies
  A naga zombie (Crypt:3)
  13 water nymphs
  9 naga magi
  3 gargoyles
  8 ice statues
  3 centaur skeletons
  35 smoke demons
  29 vault sentinels
  35 hellions
  5 rust devils
  4 molten gargoyles
  7 orange demons
  5 eyes of devastation
  2 titan simulacra
  A kobold demonologist (D:10)
  8 rime drakes
  14 cane toads
  2 dire elephant skeletons
  A bunyip simulacrum (Coc:2)
  7 komodo dragons
  A sea snake zombie (Hell)
  Maggie (D:7)
  A steelbarb worm zombie (Crypt:1)
  A komodo dragon (shapeshifter) (D:15)
  A white draconian skeleton (Crypt:1)
  6 unseen horrors
  2 alligator snapping turtle skeletons
  6 efreet
  40 yaktaurs
  15 tormentors
  10 anaconda simulacra
  2 iron giant simulacra
  9 ice devils
  A pale draconian skeleton (Crypt:2)
  2 golden dragon simulacra
  21 freezing wraiths
  6 spectral harpies
  14 trolls
  2 tengu conjurers
  A yellow draconian skeleton (Crypt:1)
  48 guardian mummies
  A sea snake skeleton (Hell)
  5 ancient zymes (Abyss:3)
  4 harpy zombies
  4 hydra zombies (Hell)
  A polar bear (Vaults:2)
  A tyrant leech (shapeshifter) (Vaults:1)
  3 tyrant leeches (Lair:5)
  20 blink frogs
  21 hellwings (Pan)
  3 red devils
  A tarantella (shapeshifter) (D:12)
  9 hornets
  A harpy skeleton (Tomb:3)
  Prince Ribbit (D:8)
  21 wind drakes
  16 merfolk
  A hydra skeleton (Hell)
  A satyr zombie (Crypt:1)
  22 dream sheep
  14 raiju
  A snapping turtle (Shoals:4)
  4 iron dragon simulacra
  103 slime creatures
  A great orb of eyes zombie (Crypt:1)
  A stone giant simulacrum (Crypt:2)
  2 jumping spiders (Crypt:3)
  39 flying skulls
  20 water elementals
  2 black mamba zombies
  An ettin zombie (Tomb:2)
  2 shadows (D:10)
  8 air elementals
  7 ynoxinuls
  10 spriggans
  3 fire elementals
  11 wraiths
  3 ettin skeletons
  A vampire (D:13)
  11 dire elephant simulacra
  67 yaks
  13 ushabtiu
  Eustachio (D:6)
  8 starcursed masses
  6 steam dragons
  11 chaos spawn
  6 wyverns
  14 golden eyes
  9 humans (Zot:1)
  5 basilisks
  9 fire bats
  4 hogs (Snake:3)
  An alligator snapping turtle simulacrum (Abyss:3)
  7 redbacks
  16 neqoxecs
  5 wargs
  6 vampire mosquitoes
  Menkaure (D:7)
  A merfolk zombie (Crypt:1)
  A demonspawn zombie (Crypt:1)
  A deep troll zombie (Crypt:3)
  42 nagas
  15 harpy simulacra
  An acid dragon (Zot:1)
  9 water moccasins
  A floating eye (Slime:5)
  3 hell hounds (Volcano)
  Duvessa (D:7)
  7 hydra simulacra
  An ogre skeleton (Vaults:5)
  An ice beast (shapeshifter) (D:14)
  An ice beast (D:5)
  A sky beast (D:6)
  16 orc warriors
  A black bear (D:6)
  An ice dragon simulacrum (Crypt:2)
  A black mamba simulacrum (Hell)
  2 naga skeletons
  5 ettin simulacra
  9 boggarts
  A human skeleton (Vaults:5)
  11 centaurs
  20 wolves
  29 ogres
  2 lemures (D:6)
  13 bullfrogs
  2 gnoll sergeants
  3 kobold brigands
  An earth elemental (Elf:1)
  19 necrophages
  2 scorpions
  6 water moccasin zombies (Ossuary)
  An elf skeleton (Crypt:2)
  2 two-headed ogre simulacra (IceCv)
  7 wyvern skeletons (Crypt:3)
  9 small abominations
  Dowan (D:7)
  11 killer bees
  A polar bear skeleton (Crypt:2)
  2 howler monkeys
  2 electric eels
  7 crimson imps (Pan)
  7 lava snakes (Volcano)
  3 quasits
  2 jellies
  7 orc priests
  2 hounds (D:7)
  2 gnoll boudas
  3 iguanas
  18 orc wizards
  A sleepcap (D:5)
  8 hell rats
  A polar bear simulacrum (IceCv)
  A troll simulacrum (IceCv)
  51 mummies
  15 gnolls
  4 adders
  4 river rats (Lair:4)
  A swamp drake zombie (Crypt:2)
  3 naga simulacra
  3 shadow imps
  4 white imps
  2 ufetubi
  5 adder zombies (Ossuary)
  A worm (D:4)
  62 orcs
  8 endoplasms
  5 giant cockroaches
  2 gnoll zombies (Ossuary)
  5 goblins
  9 hobgoblins
  2 jackals (D:3)
  13 kobolds
  2 quokkas
  7 ball pythons
  7 bats
  4 frilled lizards
  A giant cockroach zombie (Crypt:2)
  A goblin zombie (Crypt:2)
  5 hobgoblin zombies (Ossuary)
  4 kobold zombies (Ossuary)
  9 orc zombies (Ossuary)
  16 rats
  2 ball lightnings (Pan)
  4 creeping infernos
  8 fire vortices
  A foxfire (Abyss:3)
  A fulminant prism (Lair:2)
  A lurking horror (Abyss:3)
  4 starspawn tentacles (Abyss:3)
  2 tentacles (Shoals:4)
4160 creatures vanquished.

Vanquished Creatures (collateral kills)
  A dancing weapon (Elf:1)
  A manticore (Shoals:4)
  A cane toad (Lair:5)
  A basilisk (Lair:5)
  A centaur (D:13)
5 creatures vanquished.

Vanquished Creatures (others)
  A tentacled monstrosity (Depths:3)
  A death cob (Zot:4)
  2 shard shrike simulacra
  A draconian annihilator (Pan)
  A juggernaut simulacrum (Coc:5)
  A rakshasa (Pan)
  2 caustic shrike simulacra
  2 deep elf archers
  2 wizards (Pan)
  A bunyip skeleton (Pan)
  An anaconda simulacrum (Coc:7)
  A naga simulacrum (Coc:5)
  A fire bat (Pan)
  A neqoxec (Pan)
  7 ball lightnings (Pan)
  A fire vortex (Geh:2)
  3 foxfires (Abyss:3)
  131 fulminant prisms
  2 starspawn tentacles (Abyss:3)
  4 tentacles (Shoals:4)
166 creatures vanquished.

Grand Total: 4331 creatures vanquished

Notes
Turn   | Place    | Note
-------+----------+-------------------------------------------
     0 | D:1      | steven32 the Hill Orc Conjurer began the quest for the Orb.
     0 | D:1      | Reached XP level 1. HP: 14/14 MP: 3/3
   256 | D:1      | Reached XP level 2. HP: 20/20 MP: 2/4
   530 | D:1      | You fall into a shaft and drop 1 floor!
   977 | D:1      | Reached XP level 3. HP: 26/26 MP: 2/5
  1212 | D:1      | Reached skill level 5 in Conjurations
  1940 | D:2      | Reached XP level 4. HP: 33/33 MP: 1/6
  2510 | D:3      | Learned a level 2 spell: Searing Ray
  3178 | D:3      | Reached skill level 1 in Fighting
  3178 | D:3      | Reached XP level 5. HP: 34/40 MP: 3/7
  3505 | D:4      | Learned a level 2 spell: Momentum Strike
  3942 | D:4      | Found a sand-covered staircase.
  4004 | Ossuary  | Entered an ossuary
  4125 | Ossuary  | Reached XP level 6. HP: 28/52 MP: 1/9
  4359 | Ossuary  | Reached XP level 7. HP: 59/59 MP: 1/12
  6091 | D:5      | Entered Level 5 of the Dungeon
  6284 | D:5      | Reached skill level 5 in Fighting
  6838 | D:5      | Reached skill level 1 in Evocations
  7006 | D:5      | Noticed a yak
  7006 | D:5      | Noticed a yak
  7027 | D:5      | Killed a yak
  7028 | D:5      | Reached XP level 8. HP: 55/70 MP: 2/14
  7262 | D:5      | Learned a level 4 spell: Iskenderun's Mystic Blast
  7714 | D:5      | Noticed a yak
  7739 | D:5      | Killed a yak
  7995 | D:5      | Noticed a yak
  7996 | D:5      | Noticed a yak
  8027 | D:5      | Noticed a yak
  8531 | D:4      | Killed a yak
  8532 | D:4      | Reached skill level 1 in Translocations
  8902 | D:4      | Killed a yak
  8903 | D:4      | Reached XP level 9. HP: 40/75 MP: 7/15
  9595 | D:6      | Found a hide-covered altar of Uskayaw.
  9890 | D:6      | Noticed Eustachio
  9905 | D:6      | Killed Eustachio
 10211 | D:6      | Reached skill level 5 in Translocations
 10311 | D:6      | Found a staircase to the Ecumenical Temple.
 10452 | Temple   | Entered the Ecumenical Temple
 10509 | Temple   | Became a worshipper of Ashenzari the Shackled
 10722 | D:7      | Noticed Menkaure
 10723 | D:7      | Noticed Pikel
 11251 | D:7      | Killed Menkaure
 11837 | D:7      | Noticed Dowan
 11916 | D:7      | Noticed Duvessa
 12100 | D:7      | Killed Duvessa
 12307 | D:6      | Killed Pikel
 12308 | D:6      | Reached XP level 10. HP: 64/91 MP: 1/16
 12479 | D:7      | Killed Dowan
 12612 | D:7      | Noticed Maggie
 12630 | D:7      | Killed Maggie
 12760 | D:7      | Learned a level 2 spell: Blink
 13519 | D:8      | Noticed Prince Ribbit
 13526 | D:8      | Killed Prince Ribbit
 13527 | D:8      | Reached skill level 5 in Spellcasting
 13650 | D:8      | Found Viatas's Tiny Tomes.
 13698 | D:8      | Noticed a manticore
 13709 | D:8      | Killed a manticore
 14179 | D:8      | Found a shimmering altar of Xom.
 14435 | D:8      | Paralysed by a hornet for 1 turns
 14784 | D:9      | Noticed a two-headed ogre
 15237 | D:8      | Reached * piety under Ashenzari
 15272 | D:9      | Killed a two-headed ogre
 15273 | D:9      | Reached skill level 5 in Armour
 15870 | D:9      | Reached XP level 11. HP: 64/99 MP: 1/21
 16548 | D:10     | Entered Level 10 of the Dungeon
 16910 | D:10     | Reached ** piety under Ashenzari
 17042 | D:10     | Noticed a two-headed ogre
 17044 | D:10     | Noticed a tengu warrior
 17053 | D:10     | Noticed a two-headed ogre
 17056 | D:10     | Noticed gorushi's ghost (novice MiFi)
 17111 | D:10     | Noticed a moth of wrath
 17111 | D:10     | Noticed a two-headed ogre
 17117 | D:10     | Found a transporter.
 17124 | D:10     | Found a bloodstained altar of Trog.
 17386 | D:10     | Found a transporter.
 17519 | D:10     | Noticed a green ugly thing
 17539 | D:10     | Killed a green ugly thing
 17873 | D:10     | Noticed a death yak
 17873 | D:10     | Noticed a death yak
 17877 | D:10     | Noticed a death yak
 18059 | D:10     | Learned a level 4 spell: Fulminant Prism
 18249 | D:10     | Found a staircase to the Lair.
 18272 | D:10     | Reached skill level 1 in Hexes
 18552 | D:10     | Found a staircase to the Orcish Mines.
 19030 | D:10     | Noticed a purple ugly thing
 19059 | D:10     | Killed a purple ugly thing
 19185 | D:10     | Noticed a death yak
 19186 | D:10     | Noticed a death yak
 19186 | D:10     | Noticed a death yak
 19523 | D:11     | Reached skill level 5 in Hexes
 19641 | D:11     | Noticed a cyclops
 19650 | D:11     | Killed a cyclops
 20342 | D:11     | Reached XP level 12. HP: 110/110 MP: 13/25
 20666 | Lair:1   | Entered Level 1 of the Lair of Beasts
 21022 | D:10     | Reached skill level 10 in Fighting
 21755 | Lair:1   | Reached skill level 10 in Conjurations
 21900 | Lair:1   | Reached skill level 5 in Evocations
 22285 | Lair:1   | Identified the +1 long sword "Tisomudd" {flame, Stlth+}
 22306 | Lair:1   | Identified the +0 robe "Emygeja" {Str+4}
 22992 | Lair:2   | Reached *** piety under Ashenzari
 24464 | Lair:2   | Noticed Sonja
 24945 | Lair:2   | Found a staircase to the Snake Pit.
 24958 | Lair:2   | Killed Sonja
 25850 | D:8      | Bought the Vellum of Violence for 154 gold pieces
 25978 | Lair:3   | Found a staircase to the Shoals.
 25997 | Lair:3   | Reached skill level 1 in Fire Magic
 26003 | Lair:3   | Reached XP level 13. HP: 104/127 MP: 5/28
 26145 | Lair:3   | Found a dark tunnel.
 26153 | Lair:3   | Reached **** piety under Ashenzari
 26155 | Volcano  | Entered a volcano
 26451 | Volcano  | Learned a level 6 spell: Starburst
 26586 | Volcano  | Learned a level 5 spell: Irradiate
 26700 | Volcano  | Found a burning altar of Makhleb.
 26708 | Volcano  | Reached skill level 5 in Fire Magic
 28584 | Lair:3   | Noticed a dire elephant
 28876 | Lair:2   | Killed a dire elephant
 29844 | Lair:3   | Paralysed by a spriggan for 2 turns
 31071 | Lair:3   | Reached skill level 10 in Spellcasting
 31554 | Lair:4   | Reached XP level 14. HP: 116/140 MP: 14/33
 32201 | Lair:4   | Noticed Rupert
 32333 | Lair:4   | Reached ***** piety under Ashenzari
 32902 | Lair:5   | Entered Level 5 of the Lair of Beasts
 33716 | Lair:5   | Found a viscous altar of Jiyva.
 33716 | Lair:5   | Found a staircase to the Slime Pits.
 36549 | Lair:5   | Reached skill level 10 in Fire Magic
 37518 | D:10     | Found a transporter.
 37642 | D:10     | Found a transporter.
 37648 | D:10     | Found a bloodstained altar of Trog.
 37770 | D:10     | Found a staircase to the Lair.
 37818 | D:10     | Found a staircase to the Orcish Mines.
 38026 | D:10     | Reached XP level 15. HP: 109/149 MP: 10/34
 38487 | Orc:1    | Entered Level 1 of the Orcish Mines
 39098 | Orc:2    | Entered Level 2 of the Orcish Mines
 39103 | Orc:2    | Noticed Snorg
 39178 | Orc:2    | Killed Snorg
 40187 | Orc:2    | Paralysed by an ogre mage for 3 turns
 40991 | Orc:2    | Found a staircase to the Elven Halls.
 41389 | Orc:2    | Found Ucauniso's Weapon Shoppe.
 41389 | Orc:2    | Found Ymian's Assorted Antiques.
 41389 | Orc:2    | Found Igyat Akki's Distillery.
 41389 | Orc:2    | Found Tiwil's General Store.
 41452 | Orc:2    | Bought a scroll of teleportation for 39 gold pieces
 41453 | Orc:2    | Bought a fine morningstar for 306 gold pieces
 41453 | Orc:2    | Identified the +5 morningstar "Jagu Raimp" {freeze, rPois
                  | Int+2} (You bought it in a shop on level 2 of the Orcish
                  | Mines)
 41453 | Orc:2    | Bought a bronze ring for 170 gold pieces
 41453 | Orc:2    | Bought a glass wand for 136 gold pieces
 41648 | Orc:2    | Reached skill level 5 in Dodging
 41972 | Orc:1    | Found a roughly hewn altar of Beogh.
 42735 | D:12     | Identified the +9 plate armour "Igilosm" {-Cast rPois rN+
                  | Regen+}
 43447 | D:12     | Reached skill level 10 in Armour
 43763 | D:12     | Found a sparkling altar of Nemelex Xobeh.
 44069 | D:13     | Found a frozen archway.
 44113 | IceCv    | Entered an ice cave
 44209 | IceCv    | Learned a level 4 spell: Cause Fear
 44783 | IceCv    | Reached XP level 16. HP: 155/155 MP: 22/34
 45783 | D:13     | Found a gate to the Vaults.
 46513 | D:13     | Found Hopneg's One-of-a-Kind Rings.
 46518 | D:13     | Bought the ring of the Camelopard {rPois rF+ rN+ Will+} for
                  | 552 gold pieces
 46674 | D:13     | Found Ypsukaut's Serpentskin Sales.
 46784 | D:13     | Bought the Opusculum on Effluvium for 408 gold pieces
 46849 | D:13     | Learned a level 2 spell: Poisonous Vapours
 47031 | D:13     | Reached skill level 1 in Poison Magic
 47983 | D:15     | Entered Level 15 of the Dungeon
 49142 | D:15     | Reached skill level 5 in Poison Magic
 49361 | D:15     | Found a staircase to the Depths.
 49591 | D:15     | Noticed Jorgrun
 49600 | D:15     | Killed Jorgrun
 49601 | D:15     | Reached skill level 1 in Air Magic
 49933 | Snake:1  | Entered Level 1 of the Snake Pit
 50229 | Snake:1  | Noticed Asterion
 50237 | Snake:1  | Killed Asterion
 52878 | Snake:2  | Identified the +1 leather armour "Cemazicw" {*Slow rC+
                  | Dex+3}
 52961 | Snake:2  | Noticed a nagaraja
 52965 | Snake:2  | Killed a nagaraja
 52966 | Snake:2  | Reached XP level 17. HP: 163/163 MP: 18/36
 53594 | Snake:3  | Found a hazy altar of Hepliaklqana.
 53613 | Snake:3  | Noticed Kirke
 53618 | Snake:3  | Killed Kirke
 53877 | Snake:3  | Reached skill level 10 in Evocations
 55107 | Snake:4  | Entered Level 4 of the Snake Pit
 55562 | D:13     | Reached ****** piety under Ashenzari
 56659 | Snake:4  | Found a shimmering altar of Xom.
 56785 | Snake:4  | Identified a scroll of acquirement
 57330 | Snake:4  | Reached skill level 1 in Ice Magic
 57630 | Snake:4  | Got a serpentine rune of Zot
 57911 | Snake:4  | Reached skill level 5 in Ice Magic
 58492 | Snake:4  | Reached XP level 18. HP: 173/178 MP: 25/39
 58532 | Snake:4  | Learned a level 7 spell: Ozocubu's Refrigeration
 59334 | Shoals:1 | Entered Level 1 of the Shoals
 60201 | Shoals:1 | Acquired the +18 Lear's hauberk
 60201 | Shoals:1 | Found the +18 Lear's hauberk
 60795 | Shoals:2 | Identified the Enchiridion on Tephra and Abominable
                  | Mysteries
 60906 | Shoals:2 | Learned a level 3 spell: Stone Arrow
 60911 | Shoals:2 | Identified the staff of Excruciating Pain {rF+ rC+ Will+++
                  | Str-2 Int+2 Ice}
 60921 | Shoals:2 | Reached skill level 10 in Ice Magic
 61912 | Shoals:3 | Found Ymaptug's Jewellery Shoppe.
 62799 | Shoals:4 | Entered Level 4 of the Shoals
 62919 | Shoals:3 | Bought the ring "Joesoemp" {AC+4 Str+3 SInv} for 856 gold
                  | pieces
 62975 | Shoals:4 | Identified the +1 leather armour of Moral Flaws {rF+ Regen+
                  | Str+2 SInv}
 63867 | Shoals:4 | Reached XP level 19. HP: 159/170 MP: 16/34
 64443 | Shoals:4 | Identified the staff of Dust {Fly rN+ Str+3 Necro}
 64942 | Shoals:4 | Identified the ring "Ahehotas" {rPois AC+4 Str+8}
 65193 | Shoals:4 | Identified the +1 pair of gloves "Kyesmox" {Rampage rC-
                  | rCorr SInv}
 65575 | Shoals:4 | Got a barnacled rune of Zot
 66176 | Elf:1    | Entered Level 1 of the Elven Halls
 66416 | Elf:1    | Found Osuoz's One-of-a-Kind Books.
 66450 | Elf:1    | Paralysed by an air elemental for 1 turns
 66497 | Elf:1    | Paralysed by an air elemental for 1 turns
 66503 | Elf:1    | Found a flickering gateway to a bazaar.
 66534 | Bazaar   | Entered a bazaar
 66594 | Bazaar   | Found Zah Geot's Book Shop.
 66608 | Bazaar   | Found Nidol's Book Shop.
 66810 | Elf:1    | Identified the +7 rapier of Eternity {heavy, rN+}
 66819 | Elf:1    | Found Roptugyo's Antique Armour Shop.
 66822 | Elf:1    | Found Lyeh's Weapon Boutique.
 66822 | Elf:1    | Found Debuim's Antique Weapon Shop.
 66936 | Elf:1    | Found Onish's Antique Weapon Boutique.
 67814 | Elf:2    | Reached skill level 1 in Transmutations
 68629 | Elf:2    | Paralysed by an air elemental for 1 turns
 69174 | Elf:2    | Found a runed translucent gate.
 69175 | Elf:2    | Found a runed translucent gate.
 69175 | Elf:2    | Found a runed translucent gate.
 69307 | Elf:3    | Entered Level 3 of the Elven Halls
 69377 | Elf:3    | Reached XP level 20. HP: 173/178 MP: 27/35
 69384 | Elf:3    | Found Hiclugg's Armour Shoppe.
 69670 | Elf:3    | Reached skill level 5 in Transmutations
 69947 | Elf:3    | Found Loyffudity's Armour Shop.
 70331 | Elf:3    | Found Zoifoisa's General Store.
 70362 | Elf:3    | Paralysed by an air elemental for 1 turns
 70384 | Elf:3    | Paralysed by an air elemental for 1 turns
 70396 | Elf:3    | Found Imnaol's Magic Scroll Boutique.
 70402 | Elf:3    | Bought a scroll of blinking for 90 gold pieces
 70512 | Elf:3    | Found Ceis's Weapon Emporium.
 70517 | Elf:3    | Identified the +0 robe "Wifan" {rPois rC+ Regen+ Archmagi}
 70517 | Elf:3    | Identified the ring of Ogrurix {rF+ Str+5}
 70520 | Elf:3    | Identified the +0 leather armour of Faschis {rElec rPois
                  | rN+ Slay-6}
 70521 | Elf:3    | Identified the +5 broad axe of Vomosiny {drain, Stlth+}
 70964 | Elf:3    | Noticed Mara
 71009 | Elf:3    | Noticed steven32's illusion
 71390 | Elf:3    | Noticed steven32's illusion
 71518 | Elf:3    | Killed Mara
 71704 | Elf:3    | Paralysed by an air elemental for 1 turns
 72059 | Elf:3    | Paralysed by an air elemental for 1 turns
 72942 | Elf:3    | Identified the +4 flail "Ummejoen" {pain, rPois rC+}
 72943 | Elf:3    | Identified the +9 mace of a volcano {flame, Int+2}
 73625 | Elf:3    | Noticed a Tzitzimitl
 73961 | Elf:3    | Identified the Essays on Viperous Transition
 73965 | Elf:3    | Identified the +1 ring mail of the Swamp {+Inv rF+ Int-4}
 74081 | Elf:3    | Learned a level 5 spell: Fireball
 74328 | Vaults:1 | Entered Level 1 of the Vaults
 74778 | Vaults:1 | Reached XP level 21. HP: 141/184 MP: 19/39
 77715 | Vaults:2 | Reached skill level 15 in Conjurations
 78753 | Vaults:2 | Identified the +4 sling of Paj Coog {heavy, rPois rC++
                  | Will- Str+3}
 79375 | Vaults:3 | Reached XP level 22. HP: 178/192 MP: 30/42
 79703 | Vaults:3 | Learned a level 7 spell: Orb of Destruction
 80492 | Vaults:3 | Found a staircase to the Crypt.
 81648 | Vaults:4 | Paralysed by a formless jellyfish for 1 turns
 83995 | Vaults:5 | Entered Level 5 of the Vaults
 84042 | Crypt:1  | Entered Level 1 of the Crypt
 85002 | Crypt:1  | Found the +10 dark maul {heavy}
 85032 | Crypt:1  | Reached XP level 23. HP: 189/204 MP: 26/43
 85106 | Crypt:1  | Reached skill level 15 in Fire Magic
 86262 | Crypt:1  | Learned a level 4 spell: Manifold Assault
 86635 | Crypt:1  | Reached skill level 1 in Maces & Flails
 87286 | Crypt:2  | Noticed Donald
 87295 | Crypt:2  | Killed Donald
 87296 | Crypt:2  | Reached skill level 5 in Maces & Flails
 87356 | Crypt:2  | Identified the +2 robe of Cefug {Drain rElec Str+3 Int+2}
 87521 | Crypt:2  | Identified the staff "Cioptabb" {rC+ Will++ Dex+3 Ice}
 87521 | Crypt:2  | Identified the ring of the Terrible God {Ice +Blink}
 87521 | Crypt:2  | Noticed Josephina
 88010 | Crypt:2  | Killed Josephina
 88370 | Crypt:2  | Acquired 950 gold pieces
 88372 | Crypt:2  | Acquired a +1 helmet of intelligence
 88375 | Crypt:2  | Acquired the +4 helmet of the Rhinotaur {rElec rF+ Str+4}
 88779 | Elf:1    | Bought a pair of smoking gloves for 237 gold pieces
 88779 | Elf:1    | Identified the +0 pair of gloves of Siniur {Rampage
                  | *Corrode Stlth+} (You bought it in a shop on level 1 of the
                  | Elven Halls)
 89248 | Elf:3    | Bought the +1 cloak of Ethics {rF- Str+8 Int+3} for 554
                  | gold pieces
 89751 | Temple   | Fell from the grace of Ashenzari
 89751 | Temple   | Became a worshipper of the Shining One
 91195 | Crypt:2  | Reached * piety under the Shining One
 91353 | Crypt:3  | Entered Level 3 of the Crypt
 92522 | Crypt:3  | Reached ** piety under the Shining One
 92880 | Crypt:3  | Reached *** piety under the Shining One
 93307 | Crypt:3  | Reached **** piety under the Shining One
 93330 | Crypt:3  | Found a staircase to the Tomb.
 93629 | Crypt:3  | Reached ***** piety under the Shining One
 94131 | Crypt:3  | Found a basalt altar of Yredelemnul.
 94438 | Crypt:3  | Found the amulet of Vitality {RegenMP++ Regen++}
 94440 | Crypt:3  | Reached ****** piety under the Shining One
 94445 | Crypt:3  | Reached skill level 10 in Maces & Flails
 94445 | Crypt:3  | Reached XP level 24. HP: 112/205 MP: 10/41
 94453 | Crypt:3  | Identified the staff "Omelette" {rC+ rCorr Str+8 Dex-2 Ice}
 95380 | Crypt:3  | Identified the +8 quarterstaff of Chance {holy, rF- rN+
                  | Int+2 Dex+4}
 96123 | Lair:4   | Killed Rupert
 96312 | D:10     | Killed gorushi's ghost
 96619 | Depths:1 | Entered Level 1 of the Depths
 96693 | Depths:1 | Found an iron altar of Okawaru.
 96884 | Depths:1 | Found a one-way gate to the infinite horrors of the Abyss.
 97264 | Depths:1 | Found a gateway to Hell.
 97365 | Depths:1 | Found Yzytsi's Magic Scroll Shop.
 97377 | Depths:1 | Bought a scroll of teleportation for 57 gold pieces
 97377 | Depths:1 | Bought a scroll of fear for 76 gold pieces
 97377 | Depths:1 | Bought a scroll of teleportation for 57 gold pieces
 97377 | Depths:1 | Bought a scroll of teleportation for 57 gold pieces
 97515 | Depths:1 | Noticed a juggernaut
 97515 | Depths:1 | Noticed Saint Roka
 97521 | Depths:1 | Killed a juggernaut
 97524 | Depths:1 | Killed Saint Roka
 97769 | Depths:1 | Identified the +1 robe of Fedhas's Benevolence {rElec}
 98730 | Depths:2 | Found a one-way gate leading to the halls of Pandemonium.
 98766 | Depths:2 | Noticed the Enchantress
 98777 | Depths:2 | Killed the Enchantress
 98814 | Depths:2 | Identified the +3 trident "Pocuddie" {heavy, rCorr Stlth+}
 99105 | Depths:2 | Paralysed by a hornet for 3 turns
 99735 | Depths:2 | Reached skill level 15 in Maces & Flails
100064 | Depths:2 | Noticed Bai Suzhen
100074 | Depths:2 | Killed Bai Suzhen
101134 | Depths:2 | Found a transporter.
102106 | Depths:3 | Reached skill level 10 in Translocations
102614 | Depths:3 | Reached XP level 25. HP: 206/212 MP: 31/41
102729 | Depths:3 | Found a shimmering altar of Xom.
102729 | Depths:3 | Found an opulent altar of Gozag.
102730 | Depths:3 | Found a basalt altar of Yredelemnul.
103963 | Depths:3 | Paralysed by a vampire knight for 5 turns
103971 | Depths:3 | Reached skill level 15 in Armour
104197 | Depths:3 | Noticed a juggernaut
104231 | Depths:3 | Killed a juggernaut
104419 | Depths:3 | Reached skill level 15 in Fighting
104420 | Depths:3 | Noticed a juggernaut
104450 | Depths:3 | Killed a juggernaut
104451 | Depths:3 | Was forgiven by Ashenzari
104729 | Depths:3 | Identified the +2 leather armour of Death's Door {Harm rF+
                  | rC+}
104768 | Depths:3 | Identified the +8 trident "Wukhlygen" {protect, +Blink rF+
                  | MP-9}
104856 | Depths:3 | Identified the staff "Logiy" {rC+ Will+ Int-2 Stlth+ Ice
                  | Air}
104969 | Depths:4 | Entered Level 4 of the Depths
105035 | Depths:4 | Noticed Frederick
105038 | Depths:4 | Killed Frederick
105098 | Depths:4 | Noticed Louise
105106 | Depths:4 | Killed Louise
105784 | Depths:1 | Bought a scroll of enchant armour for 142 gold pieces
106087 | Elf:3    | Bought a scroll of enchant armour for 90 gold pieces
106606 | Depths:4 | Found a one-way gateway to a ziggurat.
106848 | Depths:4 | Found a gate to the Realm of Zot.
107414 | Slime:1  | Entered Level 1 of the Pits of Slime
108150 | Slime:3  | Reached XP level 26. HP: 229/229 MP: 31/41
108633 | Slime:1  | Paralysed by a great orb of eyes for 3 turns
110293 | Slime:5  | Entered Level 5 of the Pits of Slime
111403 | Slime:5  | Paralysed by a great orb of eyes for 3 turns
111709 | Slime:5  | Found a viscous altar of Jiyva.
112204 | Slime:5  | Noticed the Royal Jelly
112206 | Slime:5  | Killed the Royal Jelly
112641 | Slime:5  | Identified the ring "Myoxiaz" {rF+ Str+6}
112642 | Slime:5  | Identified the ring "Ygretoill" {rC+ Str+3 Dex+4}
112658 | Slime:5  | Acquired the amulet of Zoecen {Faith rElec Int+4 Dex-2}
112723 | Slime:5  | Got a faded book
112727 | Slime:5  | Got a slimy rune of Zot
112752 | Slime:5  | Identified the +3 scale mail of Mofaeptupp {+Inv rCorr}
112757 | Slime:5  | Identified the staff "Hesustr Tyso" {Fragile Int+5 Dex+9
                  | Earth}
112798 | Slime:5  | Got an unusual book
112807 | Slime:5  | Identified the +5 robe of Gallantry {+Blink rN+ Str+4
                  | Dex-3}
112845 | Slime:5  | Identified the +0 chain mail of Ornamental Life {Will+
                  | Str+3}
113554 | Vaults:5 | Noticed a dread lich
113556 | Vaults:5 | Killed a dread lich
113865 | Vaults:5 | Identified the staff "Puop" {Fragile rPois rN+ Dex+2 Hexes
                  | Necro}
113907 | Vaults:5 | Reached XP level 27. HP: 218/246 MP: 37/41
114612 | Vaults:5 | Identified the staff "Dodeung" {Str+2 Earth}
114731 | Vaults:5 | Reached skill level 1 in Invocations
115077 | Vaults:5 | Reached skill level 5 in Invocations
115161 | Vaults:5 | Got a dusty book
115312 | Vaults:5 | Got a foxed book
115321 | Vaults:5 | Identified the +5 hat of Vaaxzehi {Will- Str+2 Int+4}
115509 | Vaults:5 | Got a silver rune of Zot
116059 | Zot:1    | Entered Level 1 of the Realm of Zot
116074 | Zot:1    | Noticed an orb of fire
116076 | Zot:1    | Killed an orb of fire
116407 | Zot:1    | Reached skill level 10 in Invocations
117663 | Zot:2    | Reached skill level 15 in Invocations
118050 | Zot:2    | Noticed an ancient lich
118055 | Zot:2    | Killed an ancient lich
118064 | Zot:2    | Found a stormy altar of Qazlal.
118571 | Zot:2    | Identified the +4 shortbow of Spores {antimagic, Dex+4}
118973 | Zot:3    | Noticed Vv
118980 | Zot:3    | Killed Vv
119978 | Zot:3    | Reached skill level 1 in Throwing
120925 | Zot:4    | Reached skill level 5 in Throwing
121013 | Zot:4    | Identified the amulet "Jymekh" {Reflect Fragile rN+ rCorr
                  | Dex+2 SH+5}
121695 | Zot:5    | Entered Level 5 of the Realm of Zot
122360 | Zot:5    | Reached skill level 10 in Throwing
122602 | Zot:5    | Noticed a dread lich
122605 | Zot:5    | Killed a dread lich
122846 | Zot:5    | Noticed an orb of fire
122847 | Zot:5    | Killed an orb of fire
122946 | Zot:4    | Learned a level 4 spell: Passage of Golubria
122953 | Zot:4    | Learned a level 6 spell: Dispersal
123024 | Zot:5    | Noticed an ancient lich
123030 | Zot:5    | Killed an ancient lich
123071 | Zot:5    | Noticed an orb of fire
123073 | Zot:5    | Killed an orb of fire
123132 | Zot:5    | Noticed an orb of fire
123135 | Zot:5    | Gained mutation: You have hidden genetic defects. [an orb
                  | of fire]
123142 | Zot:5    | Killed an orb of fire
123615 | Zot:5    | Noticed an orb of fire
123616 | Zot:5    | Noticed an orb of fire
123616 | Zot:5    | Gained mutation: You occasionally shout uncontrollably at
                  | your foes. [an orb of fire]
123616 | Zot:5    | Noticed an ancient lich
123765 | Zot:5    | Killed an orb of fire
123780 | Zot:5    | Gained mutation: You are frail. (-10% HP) [hidden defects]
124074 | Zot:5    | Killed an orb of fire
124146 | Zot:5    | Killed an ancient lich
124245 | Zot:5    | Noticed an orb of fire
124247 | Zot:5    | Killed an orb of fire
124248 | Zot:5    | Reached skill level 15 in Throwing
124675 | Hell     | Entered the Vestibule of Hell
124675 | Hell     | Noticed Geryon
124690 | Hell     | Killed Geryon
124692 | Hell     | Gained mutation: You are weak. (Str -2) [hidden defects]
124692 | Hell     | Lost mutation: You have hidden genetic defects. [hidden
                  | defects expressed]
124902 | Hell     | Found a gateway to the ashen valley of Gehenna.
125019 | Hell     | Found a gateway to the decaying netherworld of Tartarus.
125171 | Hell     | Found a gateway to the freezing wastes of Cocytus.
125580 | Hell     | Found a gateway to the Iron City of Dis.
130154 | Orc:2    | Bought a potion of ambrosia for 88 gold pieces
130154 | Orc:2    | Bought 2 potions of resistance for 220 gold pieces
130154 | Orc:2    | Bought a potion of curing for 33 gold pieces
130154 | Orc:2    | Bought a potion of haste for 110 gold pieces
130154 | Orc:2    | Bought a potion of brilliance for 44 gold pieces
130627 | Orc:2    | Bought a lightning rod (4/4) for 1360 gold pieces
130700 | Elf:1    | Bought a bloodstained crystal plate armour for 2125 gold
                  | pieces
130700 | Elf:1    | Identified the +1 crystal plate armour of Kopnonal {rElec
                  | Regen+ rCorr} (You bought it in a shop on level 1 of the
                  | Elven Halls)
131053 | Depths:1 | Voluntarily entered the Abyss.
131065 | Depths:1 | Escaped the Abyss
131067 | Depths:1 | Voluntarily entered the Abyss.
131067 | Abyss:1  | Found a corrupted altar of Lugonu.
131108 | Abyss:1  | Found a shadowy altar of Dithmenos.
131108 | Abyss:1  | Found a shadowy altar of Dithmenos.
131108 | Abyss:1  | Found a shadowy altar of Dithmenos.
131155 | Abyss:1  | Found a corrupted altar of Lugonu.
131174 | Abyss:1  | Found a corrupted altar of Lugonu.
131174 | Abyss:1  | Found a corrupted altar of Lugonu.
131174 | Abyss:1  | Found a corrupted altar of Lugonu.
131212 | Abyss:2  | Found a corrupted altar of Lugonu.
131267 | Abyss:3  | Found a corrupted altar of Lugonu.
131345 | Abyss:3  | Found a corrupted altar of Lugonu.
131380 | Depths:1 | Escaped the Abyss
131382 | Depths:1 | Voluntarily entered the Abyss.
131382 | Abyss:3  | Found a corrupted altar of Lugonu.
131382 | Abyss:3  | Found a corrupted altar of Lugonu.
131392 | Abyss:3  | Found a corrupted altar of Lugonu.
131445 | Abyss:3  | Got an abyssal rune of Zot
131524 | Abyss:3  | Noticed an ancient lich
131528 | Abyss:3  | Killed an ancient lich
131547 | Depths:1 | Escaped the Abyss
132011 | Elf:3    | Bought 3 scrolls of revelation for 270 gold pieces
132353 | Pan      | Entered Pandemonium
132407 | Pan      | Found a huge runed translucent gate.
132410 | Pan      | Found a huge runed translucent gate.
132411 | Pan      | Found a huge runed translucent gate.
132412 | Pan      | Found a huge runed translucent gate.
132413 | Pan      | Found a huge runed translucent gate.
132414 | Pan      | Found a huge runed translucent gate.
132415 | Pan      | Found a huge runed translucent gate.
132418 | Pan      | Noticed Vilairush the pandemonium lord
132422 | Pan      | Killed Vilairush the pandemonium lord
132423 | Pan      | Reached skill level 15 in Translocations
132527 | Pan      | Noticed Ydghanwep the pandemonium lord
132531 | Pan      | Killed Ydghanwep the pandemonium lord
132570 | Pan      | Found an exit through the horrors of the Abyss.
132836 | Pan      | Noticed Faablil the pandemonium lord
132842 | Pan      | Killed Faablil the pandemonium lord
133024 | Pan      | Entered the realm of Lom Lobon.
133027 | Pan      | Got a magical rune of Zot
133653 | Pan      | Noticed Lom Lobon
134479 | Pan      | Entered the realm of Mnoleg.
134642 | Pan      | Noticed Mnoleg
134653 | Pan      | Killed Mnoleg
134687 | Pan      | Got a glowing rune of Zot
134744 | Pan      | Found an exit through the horrors of the Abyss.
134753 | Pan      | Took an exit into the Abyss.
134753 | Abyss:3  | Escaped into the Abyss
134756 | Abyss:3  | Found a corrupted altar of Lugonu.
134966 | Abyss:3  | Found a corrupted altar of Lugonu.
134980 | Depths:2 | Escaped the Abyss
135136 | Pan      | Entered Pandemonium
135150 | Pan      | Found an exit through the horrors of the Abyss.
135169 | Pan      | Took an exit into the Abyss.
135169 | Abyss:3  | Escaped into the Abyss
135178 | Abyss:3  | Found a corrupted altar of Lugonu.
135222 | Depths:2 | Escaped the Abyss
135320 | Pan      | Entered Pandemonium
135369 | Pan      | Noticed Runiliv the pandemonium lord
135379 | Pan      | Killed Runiliv the pandemonium lord
135565 | Pan      | Got a demonic rune of Zot
135585 | Pan      | Learned a level 1 spell: Apportation
135798 | Pan      | Noticed Xinina the pandemonium lord
135800 | Pan      | Killed Xinina the pandemonium lord
135819 | Pan      | Entered the realm of Cerebov.
135879 | Pan      | Found the +6 sword of Cerebov {flame}
135879 | Pan      | Noticed Cerebov
135902 | Pan      | Killed Cerebov
136154 | Pan      | Identified the ring "Oneng" {Wiz rPois Str+2 Dex+5 Stlth+}
136155 | Pan      | Identified the ring of Nial {rF+ Int+6}
136158 | Pan      | Identified the amulet of the Pariah {RegenMP rElec rC++
                  | Str-5 Stlth+}
136222 | Pan      | Got a fiery rune of Zot
136300 | Pan      | Identified the amulet "Imyoreent" {Reflect Int+4 SH+5}
136797 | Pan      | Noticed Ixke the pandemonium lord
136800 | Pan      | Killed Ixke the pandemonium lord
136985 | Pan      | Entered the realm of Gloorx Vloq.
137049 | Pan      | Noticed Lom Lobon
137060 | Pan      | Killed Lom Lobon
137738 | Pan      | Noticed Gloorx Vloq
137743 | Pan      | Killed Gloorx Vloq
137744 | Pan      | Reached skill level 15 in Spellcasting
137760 | Pan      | Got a dark rune of Zot
138020 | Depths:2 | Escaped Pandemonium
138174 | Depths:2 | Lost mutation: You occasionally shout uncontrollably at
                  | your foes. [potion of mutation]
138174 | Depths:2 | Lost mutation: You are weak. (Str -2) [potion of mutation]
138174 | Depths:2 | Lost mutation: You are frail. (-10% HP) [potion of
                  | mutation]
138174 | Depths:2 | Gained mutation: You have a pair of small horns on your
                  | head. [potion of mutation]
138175 | Depths:2 | Lost mutation: You have a pair of small horns on your head.
                  | [potion of mutation]
138175 | Depths:2 | Gained mutation: You have a pair of small antennae on your
                  | head. [potion of mutation]
138175 | Depths:2 | Gained mutation: You are covered in fur. (AC +1) [potion of
                  | mutation]
138176 | Depths:2 | Lost mutation: You are covered in fur. (AC +1) [potion of
                  | mutation]
138176 | Depths:2 | Lost mutation: You have a pair of small antennae on your
                  | head. [potion of mutation]
138176 | Depths:2 | Gained mutation: You are agile. (Dex +4, Str/Int -1)
                  | [potion of mutation]
138240 | Coc:1    | Entered Level 1 of Cocytus
138874 | Coc:4    | Paralysed by a wendigo for 1 turns
139009 | Coc:5    | Paralysed by a wendigo for 1 turns
139016 | Coc:5    | Paralysed by a wendigo for 1 turns
139653 | Coc:7    | Entered Level 7 of Cocytus
141062 | Coc:7    | Identified the amulet "Keskimn" {Faith Int+2}
141520 | Coc:7    | Got a resplendent book
141695 | Coc:7    | Paralysed by a wendigo for 1 turns
143086 | Coc:7    | Noticed Antaeus
143769 | Coc:7    | Killed Antaeus
143790 | Coc:7    | Got an icy rune of Zot
144237 | Geh:1    | Entered Level 1 of Gehenna
144735 | Geh:6    | Reached skill level 27 in Maces & Flails
145189 | Geh:7    | Entered Level 7 of Gehenna
145448 | Geh:7    | Reached skill level 27 in Fighting
146612 | Geh:7    | Found the +8 Vampire's Tooth {megavamp}
146716 | Geh:7    | Found the +13 sceptre of Asmodeus
146716 | Geh:7    | Noticed Asmodeus
146724 | Geh:7    | Killed Asmodeus
146768 | Geh:7    | Got an obsidian rune of Zot
147184 | Tar:1    | Entered Level 1 of Tartarus
147934 | Tar:7    | Entered Level 7 of Tartarus
148973 | Tar:7    | Found the +5 Storm Queen's Shield {shock, Fly rElec}
149167 | Tar:7    | Identified the +1 leather armour "Wyuriahyit" {rF+ Dex-4
                  | Stlth+}
149171 | Tar:7    | Got a lithographed book
149384 | Tar:7    | Identified the +4 rapier of Bodily Harmony {flame, Contam
                  | Fly Str+3 Dex+2}
151125 | Tar:7    | Noticed Ereshkigal
151693 | Tar:7    | Killed Ereshkigal
151710 | Tar:7    | Got a bone rune of Zot
151966 | Dis:1    | Entered Level 1 of the Iron City of Dis
153283 | Dis:6    | Noticed an ancient lich
153288 | Dis:6    | Killed an ancient lich
153651 | Dis:7    | Entered Level 7 of the Iron City of Dis
154339 | Dis:7    | Noticed a juggernaut
154341 | Dis:7    | Killed a juggernaut
154601 | Dis:7    | Noticed Dispater
154607 | Dis:7    | Killed Dispater
154618 | Dis:7    | Found the orb of Dispater {+Damnation *Corrode AC+5}
154655 | Dis:7    | Got an iron rune of Zot
155321 | Tomb:1   | Entered Level 1 of the Tomb of the Ancients
156388 | Tomb:1   | Noticed a royal mummy
156389 | Tomb:1   | Killed a royal mummy
158131 | Tomb:2   | Noticed a royal mummy
158139 | Tomb:2   | Noticed a royal mummy
158145 | Tomb:2   | Killed a royal mummy
158146 | Tomb:2   | Noticed a royal mummy
158147 | Tomb:2   | Noticed a royal mummy
158574 | Tomb:2   | Killed a royal mummy
158579 | Tomb:2   | Killed a royal mummy
158635 | Tomb:2   | Killed a royal mummy
159012 | Tomb:1   | Noticed a royal mummy
159012 | Tomb:1   | Noticed a royal mummy
159012 | Tomb:1   | Noticed a royal mummy
159017 | Tomb:1   | Killed a royal mummy
159018 | Tomb:1   | Reached skill level 27 in Throwing
159020 | Tomb:1   | Killed a royal mummy
159020 | Tomb:1   | Killed a royal mummy
159024 | Tomb:1   | Noticed a royal mummy
159027 | Tomb:1   | Killed a royal mummy
159472 | Tomb:1   | Noticed a royal mummy
159474 | Tomb:1   | Killed a royal mummy
159594 | Tomb:1   | Noticed a royal mummy
159596 | Tomb:1   | Killed a royal mummy
159896 | Tomb:1   | Noticed a royal mummy
159898 | Tomb:1   | Killed a royal mummy
159982 | Tomb:1   | Noticed a royal mummy
159984 | Tomb:1   | Killed a royal mummy
160015 | Tomb:1   | Noticed a royal mummy
160016 | Tomb:1   | Killed a royal mummy
160178 | Tomb:1   | Noticed a royal mummy
160179 | Tomb:1   | Killed a royal mummy
160328 | Tomb:2   | Identified the ring "Vogi" {rF+++ rC+ Str+2 Int+6 Stlth-}
161000 | Tomb:3   | Entered Level 3 of the Tomb of the Ancients
161035 | Tomb:3   | Noticed a royal mummy
161039 | Tomb:3   | Killed a royal mummy
161039 | Tomb:3   | Noticed a royal mummy
161043 | Tomb:3   | Killed a royal mummy
161044 | Tomb:3   | Noticed a royal mummy
161047 | Tomb:3   | Killed a royal mummy
161056 | Tomb:3   | Noticed a royal mummy
161060 | Tomb:3   | Killed a royal mummy
161316 | Tomb:3   | Identified the +1 chain mail of the Lost Nightcaps {Stlth+}
161707 | Tomb:3   | Found the +12 glaive of Prune {freeze, Prune}
161708 | Tomb:3   | Found the +7 sceptre of Torment {pain, torment}
161712 | Tomb:3   | Found the +8 autumn katana {manifold assault}
161735 | Tomb:3   | Identified the +7 war axe of Annihilation {holy, rCorr}
161737 | Tomb:3   | Identified the +11 long sword of the Four Lies {antimagic,
                  | Fly Will+ rCorr Str+2}
161741 | Tomb:3   | Identified the +6 halberd of Indomitability {vamp, rF+ rN+
                  | Stlth+}
161746 | Tomb:3   | Identified the +6 trident of Midsummer {freeze, rF+ rCorr
                  | Str-4}
161747 | Tomb:3   | Identified the ring of Fuhoat {rF++ rC+ MP+9 Str-2}
161750 | Tomb:3   | Identified the +1 spear of Fabulous Purpose {heavy, *Rage
                  | +Blink Will+ Stlth+}
161752 | Tomb:3   | Identified the +1 scale mail "Utanunope" {rElec rCorr
                  | Dex-4}
161768 | Tomb:3   | Identified the staff "Acarinebane" {rPois rCorr Poison}
161944 | Tomb:3   | Noticed a royal mummy
161945 | Tomb:3   | Noticed a royal mummy
161947 | Tomb:3   | Killed a royal mummy
161947 | Tomb:3   | Killed a royal mummy
161977 | Tomb:3   | Noticed a royal mummy
162163 | Tomb:3   | Noticed a royal mummy
162164 | Tomb:3   | Killed a royal mummy
162245 | Tomb:3   | Got a golden rune of Zot
162292 | Tomb:3   | Killed a royal mummy
163614 | Zot:5    | Got the Orb of Zot
164113 | Depths:2 | Noticed Juni the pandemonium lord
164114 | Depths:2 | Killed Juni the pandemonium lord
164161 | Depths:1 | Noticed Mink the pandemonium lord
164161 | Depths:1 | Noticed an ancient lich
164162 | Depths:1 | Killed an ancient lich
164166 | Depths:1 | Noticed Visal Siy the pandemonium lord
164169 | Depths:1 | Killed Mink the pandemonium lord
164170 | Depths:1 | Reached skill level 27 in Invocations
164170 | Depths:1 | Killed Visal Siy the pandemonium lord
164663 | D:$      | Escaped with the Orb!

Illustrated notes

Levels and vault maps discovered:
D:1:      dpeg_arrival_boxorama, layout_loops_ring, nicolae_figureground_sparkle
D:2:      layout_loops_ring, minmay_pentomino_r4
D:3:      layout_basic, serial_curves, eino_curves_03, eino_curves_01,
          eino_curves_03, eino_curves_03, minmay_misc_feat_ornament
D:4:      wad_lake_hut, layout_loops_ring, gup_ossuary_entry_pyramid,
          corexii_hall_statues_t
D:5:      layout_layer_cave
D:6:      layout_loops_ring, nicolae_uskayaw_murder_on_the_dancefloor,
          minmay_temple_entry_enclosed_plants, chequers_serial_rivers_room_b,
          minmay_misc_feat_alley, uniq_eustachio
D:7:      layout_cave_pools, nrook_pool_corridor, uniq_pikel, uniq_menkaure,
          uniq_duvessa, uniq_maggie
D:8:      layout_basic, mainiacjoe_overflow_six_doors_small, serial_demonic,
          serial_demonic_a, serial_demonic_d, serial_demonic_a,
          serial_demonic_c, nicolae_shop_i_like_small_books_too,
          uniq_prince_ribbit1
D:9:      layout_gridville
D:10:     minmay_s_stair_smasher, layout_gridville, dpeg_lair_monsters,
          gammafunk_ghost_wrathful_warriors, grunt_ministairs_6,
          hangedman_abyss_or_decor_lesser_grid, minmay_misc_feat_rugged
D:11:     layout_long_grid
D:12:     minmay_separated_statues, layout_layer_cave,
          nemelex_lonely_heart_becter
D:13:     layout_loops_ring, skrybe_vaults_entry_preservation,
          portal_ice_cave_entry_pillars_2, nicolae_shop_unique_rings,
          guppyfry_shop_venom
D:14:     layout_cave_pools, grunt_decor_cap, minivault_16
D:15:     gammafunk_enter_depths_forms, layout_basic, minmay_misc_feat_rows,
          uniq_jorgrun
Temple:   mainiacjoe_temple_cubbyholes
Lair:1:   layout_chaotic_city, serial_forest, infiniplex_forest_side_room,
          infiniplex_forest_clump_small, infiniplex_forest_clump_cross,
          infiniplex_forest_lined_2, infiniplex_forest_clump_diagonal,
          infiniplex_forest_clump_small, grunt_forest_large_clearings
Lair:2:   layout_layer_cave, minmay_snake_entry_guardpost_small,
          infiniplex_staircase_pool, uniq_sonja
Lair:3:   mu_elephants_graveyard, layout_layer_cave, shoals_dummy_entry,
          nicolae_volcano_entry_lava_flow, grunt_megastairs_2,
          serial_bayou_shore_b
Lair:4:   layout_hall_layers, nicolae_quartered_pool_medium,
          kennysheep_abandoned_house, uniq_rupert
Lair:5:   minmay_lair_end_frog_pond, layout_long_grid,
          dpeg_slime_entry_enclosed, lemuel_fruit_tree
Shoals:1: layout_shoals, nicolae_shoals_sun_and_surf
Shoals:2: layout_shoals, nicolae_shoals_spring_well_temple
Shoals:3: layout_shoals, serial_shops, nicolae_take_the_stairs,
          nicolae_shoals_drake_roost
Shoals:4: shoals_end_hellmonk_lost_city
Snake:1:  layout_cave_shapes, uniq_asterion
Snake:2:  layout_layer_cave
Snake:3:  layout_chambers, basic_altar, uniq_kirke
Snake:4:  grunt_snake_rune_spirals, layout_onion_interference, basic_altar,
          nicolae_snake_squiggles
Slime:1:  layout_caves
Slime:2:  layout_caves
Slime:3:  layout_caves
Slime:4:  layout_caves
Slime:5:  slime_pit_nicolae_block_by_block
Orc:1:    layout_caves, basic_altar
Orc:2:    st_orc_ogre_mass, layout_caves, uniq_snorg
Elf:1:    eino_elf_arrival_sip, layout_gridlike, serial_shops, bzr_firewalk,
          minivault_28, nicolae_elf_m_pinch, nicolae_rare_books,
          minmay_shoptagon
Elf:2:    nicolae_elf_blades_crystal_corner, layout_onion_city,
          nicolae_elf_w_pinch
Elf:3:    minmay_elf_hall_four_x, layout_gridlike, serial_shops,
          nicolae_shop_bloodbath_and_beyond, nicolae_shop_mannequins,
          nicolae_shop_tiny_real_fake_doors, shop, shop,
          corexii_leaking_fountain, lemuel_flamethrower_1, uniq_mara
Vaults:1: portal_desolation_entry_ruin, serial_ice_m,
          ontoclasm_vaults_decontamination, vaults_mumra_hex,
          nicolae_vaults_spaceships, grunt_vaults_focal,
          nicolae_vaults_asterisk, dpeg_vaults_pockets_of_resistance,
          nicolae_vaults_border_crossing, nicolae_vaults_storage_room_statues,
          nicolae_vaults_little_squares_6, layout_vaults_omnigrid
Vaults:2: hangedman_vaults_maws, nicolae_vaults_heart-shaped_vault,
          nicolae_vaults_storage_closets_1, v_misc_25, v_pattern_3,
          nicolae_vaults_network_square, ontoclasm_vaults_gateway,
          nicolae_vaults_more_shelving_1, serial_ice_m, v_misc_24,
          nicolae_vaults_offset_grid_hallway_1,
          nicolae_vaults_trapezoid_lopsided_3, layout_vaults_omnibox
Vaults:3: nicolae_vaults_hallways_thing, blue_anna_dwarven_crypt,
          nicolae_vaults_network_s, vaults_room_stairs_pillars,
          nicolae_vaults_big_ls, vaults_room_corners, v_misc_8,
          nicolae_vaults_closet_pinwheel_3, nicolae_vaults_storage_room_glass,
          layout_vaults_chaotic_city
Vaults:4: nicolae_vaults_network_barrier,
          vaults_standard_mumra_enter_the_diamond, vaults_mumra_minichess,
          v_pattern_1, hangedman_vaults_slice, vaults_standard_mumra_lines,
          nicolae_vaults_oval_intersection, st_lattice,
          nicolae_vaults_little_squares_2, v_misc_19, vaults_room_pool,
          vaults_dpeg_encased_lava, nicolae_vaults_tetromino_L_1,
          nicolae_vaults_house_3, layout_vaults_omnicross
Vaults:5: serial_shops
Crypt:1:  layout_rooms, minivault_19, weyrava_ghost_lake,
          grunt_crypt_arrival_webbed, grunt_megastairs_1
Crypt:2:  layout_gridlike, uniq_donald, uniq_josephina
Crypt:3:  evilmike_haunted_forest
Tomb:1
Tomb:2
Tomb:3
Depths:1: layout_roguey, abyss_entry, serial_shops, shop_scrolls,
          okawaru_ov_weapons_minmay, pf_hell_entry_tar_spiral,
          hangedman_abyss_or_decor_stagger, drop_trap, minmay_three_doors,
          uniq_saint_roka
Depths:2: kennysheep_blocky_hall, layout_honeycomb, hell_entry, abyss_entry,
          rand_demon_pan_entry_7, nicolae_the_louvre, nicolae_diode_basic,
          uniq_bai_suzhen, uniq_enchantress
Depths:3: hangedman_slaughterboxes, abyss_entry, hell_entry, uniq_margery
Depths:4: grunt_zot_entry_hairpin, layout_twisted_cross, enter_ziggurat_b,
          serial_glass, glass_columns_a, glass_columns_b, due_unseen_surprise,
          chequers_serial_rivers_micro_c, mu_enter_wizlab_6,
          nicolae_abyss_entry_one_way_or_another, pf_hell_entry_great_geh,
          uniq_frederick
Hell
Dis:1:    nicolae_dis_metal_hellway, layout_gridville
Dis:2:    layout_regular_city
Dis:3:    nicolae_dis_big_iron_x
Dis:4:    layout_overlapping_boxes
Dis:5:    layout_regular_city
Dis:6:    lightli_tower_of_babel
Dis:7:    dis_st
Geh:1:    layout_gehenna_pools_basic
Geh:2:    layout_gehenna_lava_caves, nicolae_geh_gnashing_of_teeth
Geh:3:    layout_gehenna_lava_caves
Geh:4:    layout_gehenna_lava_caves, nicolae_geh_single_fiery_grave
Geh:5:    layout_gehenna_lava_caves
Geh:6:    layout_gehenna_pools_triple
Geh:7:    geh_old
Coc:1:    layout_cocytus_water_paths
Coc:2:    nicolae_coc_icebeans_plural [nicolae_sub_coc_subbean,
          nicolae_sub_coc_subbean, nicolae_sub_coc_subbean,
          nicolae_sub_coc_subbean], layout_cocytus_delve
Coc:3:    nicolae_coc_on_the_berg
Coc:4:    nooodl_cocytus_jagged_cave
Coc:5:    layout_cocytus_water_paths
Coc:6:    layout_cocytus_delve
Coc:7:    coc_mu
Tar:1:    layout_honeycomb
Tar:2:    layout_catacombs, nicolae_hells_fiendish_ambush
Tar:3:    layout_grid_maze
Tar:4:    layout_grid_maze, nicolae_tar_honey_rotating
Tar:5:    layout_honeycomb
Tar:6:    layout_cathedral_of_symmetry
Tar:7:    tar_mu [tar_mu_maze]
Zot:1:    circus_mu, layout_basic, st_small_dragon_hoard_1,
          st_small_dragon_hoard_2
Zot:2:    regret_index_qazlal_generations, layout_misc_corridors
Zot:3:    lemuel_draconian_sentries, layout_cathedral_of_symmetry, uniq_vv
Zot:4:    layout_twisted_circle
Zot:5:    layout_cathedral_of_symmetry, skrybe_zot_glass_2

Skill      XL: |  1  2  3  4  5  6  7  8  9 10 11 12 13 14 15 16 17 18 19 20 21 22 23 24 25 26 27 |
---------------+----------------------------------------------------------------------------------+-----
Conjurations   | 5 6 8 9 10 12 13 16 18 | 18.7
Fighting       | 1 4 6 9 11 12 13 14 17 20 27 | 27.0
Spellcasting   | 2 3 4 6 7 10 13 14 18 | 18.0
Evocations     | 3 4 8 12 | 12.0
Translocations | 2 6 9 10 12 16 | 16.0
Armour         | 6 10 11 14 16 21 | 21.4
Hexes          | 6 |  6.0
Fire Magic     | 2 7 10 13 14 15 | 15.4
Dodging        | 6 |  6.1
Poison Magic   | 7 |  7.2
Air Magic      | 3 |  3.6
Ice Magic      | 6 11 | 11.0
Transmutations | 4 6 |  6.8
Maces & Flails | 10 16 17 21 27 | 27.0
Invocations    | 27 | 27.0
Throwing       | 27 | 27.0
Stealth        | |  1.5

Action                     |  1- 3 |  4- 6 |  7- 9 | 10-12 | 13-15 | 16-18 | 19-21 | 22-24 | 25-27 || total
---------------------------+-------+-------+-------+-------+-------+-------+-------+-------+-------++-------
  Melee: Unarmed           |     6 |       |       |       |       |       |       |       |       ||     6
         Dagger            |       |    50 |       |       |       |       |       |       |       ||    50
         Punch             |       |     1 |       |     3 |       |     1 |       |       |       ||     5
         Short sword       |       |    38 |    28 |    88 |    98 |       |       |       |       ||   252
         Morningstar       |       |       |       |       |     8 |    38 |       |       |       ||    46
         Staff             |       |       |       |       |       |     3 |   168 |   149 |     5 ||   325
         Maul              |       |       |       |       |       |       |       |   327 |  3765 ||  4092
  Throw: Dart              |       |       |       |       |       |       |       |     2 |     2 ||     4
         Throwing net      |       |       |       |       |       |       |       |       |     5 ||     5
         Javelin           |       |       |       |       |       |       |       |       |     3 ||     3
   Cast: Magic Dart        |    76 |    68 |    35 |   100 |    38 |     7 |     6 |     1 |       ||   331
         Searing Ray       |       |    11 |    80 |    29 |     2 |     1 |       |       |       ||   123
         Momentum Strike   |       |       |     6 |     3 |     5 |       |       |       |       ||    14
         Iskenderun's Myst |       |       |    21 |   195 |    20 |     6 |    69 |    12 |     5 ||   328
         Blink             |       |       |       |    12 |    19 |     1 |     4 |     7 |    22 ||    65
         Fulminant Prism   |       |       |       |    72 |    40 |    11 |     7 |     2 |       ||   132
         Starburst         |       |       |       |       |   351 |   420 |   326 |   399 |     5 ||  1501
         Irradiate         |       |       |       |       |    12 |    32 |    18 |    11 |       ||    73
         Poisonous Vapours |       |       |       |       |       |    27 |    76 |       |       ||   103
         Cause Fear        |       |       |       |       |       |     6 |     1 |       |       ||     7
         Ozocubu's Refrige |       |       |       |       |       |    61 |       |       |       ||    61
         Stone Arrow       |       |       |       |       |       |    60 |   338 |     8 |    10 ||   416
         Fireball          |       |       |       |       |       |       |    33 |   146 |    29 ||   208
         Orb of Destructio |       |       |       |       |       |       |       |     9 |     3 ||    12
         Manifold Assault  |       |       |       |       |       |       |       |    96 |  2194 ||  2290
         Passage of Golubr |       |       |       |       |       |       |       |       |     5 ||     5
         Dispersal         |       |       |       |       |       |       |       |       |     3 ||     3
         Apportation       |       |       |       |       |       |       |       |       |     2 ||     2
 Invoke: Curse Item        |       |       |       |     5 |     3 |     4 |       |     1 |       ||    13
         Shatter the Chain |       |       |       |       |     2 |     6 |       |     3 |       ||    11
         Cleansing Flame   |       |       |       |       |       |       |       |       |    32 ||    32
         Divine Shield     |       |       |       |       |       |       |       |       |     1 ||     1
  Evoke: Wand              |       |     5 |     2 |     5 |    10 |       |     8 |    30 |     8 ||    68
         Box of beasts     |       |       |       |       |     2 |     2 |     2 |     2 |       ||     8
         Phantom mirror    |       |       |       |       |       |       |       |     1 |     1 ||     2
         Phial of floods   |       |       |       |       |       |       |       |       |     4 ||     4
    Use: Potion            |     1 |       |       |     1 |       |     3 |     4 |     5 |    40 ||    54
         Scroll            |       |       |     7 |     5 |       |     5 |     8 |    13 |    60 ||    98
   Stab: Invisible         |       |       |       |       |     1 |       |       |       |       ||     1
 Armour: Robe              |     8 |    77 |    79 |       |       |       |       |       |       ||   164
         Leather armour    |       |       |    36 |   474 |   551 |   499 |       |       |       ||  1560
         Chain mail        |       |       |       |       |       |    93 |  1040 |   628 |       ||  1761
         Plate armour      |       |       |       |       |       |       |       |   736 |    45 ||   781
         Gold dragon scale |       |       |       |       |       |       |       |       |  2295 ||  2295
  Dodge: Dodged            |    12 |    67 |    72 |   235 |   334 |   327 |   268 |   489 |   625 ||  2429
  Block: Buckler           |       |       |       |       |       |    31 |    97 |    49 |       ||   177
         Other             |       |       |       |       |       |       |       |   137 |   209 ||   346
         Reflection        |       |       |       |       |       |       |       |       |     4 ||     4

Table legend: (Time is in decaauts)
 A = Elapsed time spent in this place.
 B = Non-inter-level travel time spent in this place.
 C = Inter-level travel time spent in this place.
 D = Time resting spent in this place.
 E = Time spent auto-exploring this place.
 F = Levels seen in this place.
 G = Mean time per level.
                   A        B        C        D        E       F      G
               +--------+--------+--------+--------+--------+-----+--------+
         Total | 168484 | 142100 |  26384 |  45238 |  72523 | 114 | 1477.9 |
       Dungeon |  33770 |  26932 |   6838 |   6707 |  17016 |  15 | 2251.3 |
        Temple |    163 |      2 |    161 |      0 |      0 |   1 |  163.0 |
          Lair |  16310 |  14271 |   2039 |   4803 |   7449 |   5 | 3262.0 |
        Shoals |   7890 |   6922 |    968 |   2035 |   3775 |   4 | 1972.5 |
     Snake Pit |   8993 |   8228 |    765 |   1351 |   5622 |   4 | 2248.2 |
    Slime Pits |   5533 |   5188 |    345 |   1737 |   2802 |   5 | 1106.6 |
  Orcish Mines |   4819 |   3786 |   1033 |   1097 |   2258 |   2 | 2409.5 |
   Elven Halls |   8818 |   7549 |   1269 |   2607 |   3388 |   3 | 2939.3 |
        Vaults |  14289 |  12022 |   2267 |   1829 |   8438 |   5 | 2857.8 |
         Crypt |   9973 |   8865 |   1108 |   2547 |   4503 |   3 | 3324.3 |
          Tomb |   6629 |   5568 |   1061 |   2972 |   1839 |   3 | 2209.7 |
        Depths |  12853 |  10328 |   2525 |   4010 |   4740 |   4 | 3213.2 |
          Hell |   1405 |   1059 |    346 |    120 |    716 |   1 | 1405.0 |
           Dis |   3000 |   2385 |    615 |   1106 |    845 |   7 |  428.6 |
       Gehenna |   2882 |   2069 |    813 |   1078 |    579 |   7 |  411.7 |
       Cocytus |   6188 |   4680 |   1508 |   3613 |    189 |   7 |  884.0 |
      Tartarus |   4816 |   3925 |    891 |   1590 |   1636 |   7 |  688.0 |
           Zot |   9964 |   8139 |   1825 |   1372 |   5683 |   5 | 1992.8 |
         Abyss |    912 |    912 |      0 |    121 |      0 |   7 |  130.3 |
   Pandemonium |   5471 |   5471 |      0 |   2296 |    455 |  15 |  364.7 |
        Bazaar |    222 |    222 |      0 |      0 |     91 |   1 |  222.0 |
       Ossuary |    979 |    979 |      0 |    727 |     64 |   1 |  979.0 |
      Ice Cave |   1266 |   1266 |      0 |    894 |     26 |   1 | 1266.0 |
       Volcano |   1329 |   1329 |      0 |    620 |    406 |   1 | 1329.0 |
               +--------+--------+--------+--------+--------+-----+--------+

Top non-repeatable levels by time:
    D:10: 6370 daAuts
 Crypt:3: 4790 daAuts
   Coc:7: 4684 daAuts
Depths:3: 4317 daAuts
   Tar:7: 4035 daAuts
  Lair:3: 3965 daAuts
  Tomb:1: 3848 daAuts
  Lair:2: 3672 daAuts
   Elf:3: 3587 daAuts
 Snake:4: 3538 daAuts
Depths:1: 3492 daAuts
Vaults:3: 3262 daAuts
  Lair:5: 3182 daAuts
Vaults:2: 3170 daAuts
   Elf:2: 3122 daAuts
